 Dungeon Crawl Stone Soup version 0.32-a0-12-g7fc57aa741 (webtiles) character file.

Game seed: 3210201945145767769

2745499 Ge0ff the Merfolk of Death (level 27, 232/232 HPs)
             Began as a Merfolk Cinder Acolyte on Jan 13, 2024.
             Was the Champion of Vehumet.
             Escaped with the Orb
             ... and 5 runes
             ... and 2 gems on Jan 15, 2024!
             The game lasted 04:45:53 (113796 turns).

Ge0ff the Merfolk of Death (MfCA)                 Turns: 113796, Time: 04:45:54

Health: 232/232    AC: 14    Str: 17    XL:     27
Magic:  57/68      EV: 16    Int: 41    God:    Vehumet [******]
Gold:   5660       SH: 18    Dex: 11    Spells: 1/72 levels left

rFire   + + +        a - staff "Imelimn" {rF+ rN+ Str+3 Int+4 Fire}
rCold   + + +        Q - +5 kite shield {reflect}
rNeg    + . .        P - +1 robe "Guiw" {MP+9 Int+6}
rPois   .            Y - +0 helmet of Blue Knowledge {Int+4}
rElec   +            D - +2 cloak {Will+}
rCorr   +            A - +2 pair of gloves of Nuttory {rCorr Str+3}
SInv    .            M - +1 pair of boots of Zapoangi {Rampage ^Drain rElec}
Will    +++..        E - amulet of Vitality {RegenMP++ Regen++}
Stlth   +            H - ring of the Mage {Wiz Archmagi}
HPRegen 2.18/turn    i - ring "Viajicece" {rF++ rC+++ MP+9 Str-2 Int-2, =R}
MPRegen 1.21/turn

%: reflection, rampage, wizardry (x1), archmagi
@: studying 6 skills
A: (nimble swimmer 2), mertail, clever 1, MP-powered wands
0: Orb of Zot
}: 5/15 runes: decaying, serpentine, slimy, silver, abyssal
a: Renounce Religion


You escaped.
You worshipped Vehumet.
Vehumet was exalted by your worship.
You visited 14 branches of the dungeon, and saw 58 of its levels.
You visited the Abyss 4 times.
You visited 1 bazaar.
You completed 1 ziggurat, and saw 27 of its levels.
You also visited: Trove and Gauntlet.

You collected 12231 gold pieces.
You spent 6571 gold pieces at shops.

Inventory:

Hand Weapons
 b - a +9 demon trident of freezing
 w - the +8 dagger of Welfare {distort, rPois}
   (You found it on level 3 of the Crypt)

   rPois:     It protects you from poison
Missiles
 g - 3 throwing nets {=F}
 t - 17 javelins
 v - 15 curare-tipped darts {=F}
 Z - 7 silver javelins
Armour
 r - a +3 troll leather armour {Snorg}
 A - the +2 pair of gloves of Nuttory (worn) {rCorr Str+3}
   (You found it on level 3 of the Depths)

   Str+3:     It affects your strength (+3).
   rCorr:     It protects you from acid and corrosion.
 D - a +2 cloak of willpower (worn)
 M - the +1 pair of boots of Zapoangi (worn) {Rampage ^Drain rElec}
   (You bought it in a shop on level 2 of the Orcish Mines)

   rElec:     It insulates you from electricity.
   ^Drain:    It drains your maximum health when unequipped.
   Rampage:   It bestows one free step when moving towards enemies.
 P - the +1 robe "Guiw" (worn) {MP+9 Int+6}
   (You found it on level 2 of the Realm of Zot)

   Int+6:     It affects your intelligence (+6).
   MP+9:      It affects your magic capacity (+9).
 Q - a +5 kite shield of reflection (worn)
 Y - the +0 helmet of Blue Knowledge (worn) {Int+4}
   (You found it on level 3 of the Vaults)

   Int+4:     It affects your intelligence (+4).
Magical Staves
 a - the staff "Imelimn" (weapon) {rF+ rN+ Str+3 Int+4 Fire}
   (You found it on level 3 of the Elven Halls)

   [staff of fire]

   Base accuracy: +5 Base damage: 5 Base attack delay: 1.2 This weapon's minimum
   attack delay (0.6) is reached at skill level 12.
   Str+3:     It affects your strength (+3).
   Int+4:     It affects your intelligence (+4).
   rF+:       It protects you from fire.
   rN+:       It protects you from negative energy.
   Fire:      It increases the power of your Fire spells.
   It falls into the 'Staves' category.
   It is a one-handed weapon.
Jewellery
 f - the macabre finger necklace {Finger+ rN+}
   (You found it on level 26 of a ziggurat)

   [amulet of nothing]

   Finger+:   It enables you to equip an extra ring.
   rN+:       It protects you from negative energy.
 h - the ring "Muttub" {rPois Str+3 Slay+2 SInv}
   (You found it on level 16 of a ziggurat)

   [ring of see invisible]

   Str+3:     It affects your strength (+3).
   Slay+2:    It affects your accuracy & damage with ranged weapons and melee
   (+2).
   rPois:     It protects you from poison SInv: It lets you see invisible.
 i - the ring "Viajicece" (right hand) {rF++ rC+++ MP+9 Str-2 Int-2, =R}
   (You found it in a Gauntlet)

   [ring of magical power]

   Str-2:     It affects your strength (-2).
   Int-2:     It affects your intelligence (-2).
   rF++:      It greatly protects you from fire.
   rC+++:     It renders you almost immune to cold.
   MP+9:      It affects your magic capacity (+9).
 p - the ring "Duphef" {rC+ rN+ SInv}
   (You found it on level 2 of the Depths)

   [ring of see invisible]

   rC+:       It protects you from cold.
   rN+:       It protects you from negative energy.
   SInv:      It lets you see invisible.
 z - the ring "Kocelile" {Ice rPois MP-9 Dex+9 SInv}
   (You found it on level 26 of a ziggurat)

   [ring of ice]

   Ice:       It enhances your ice magic.
   Dex+9:     It affects your dexterity (+9).
   rF-:       It makes you vulnerable to fire.
   rC+:       It protects you from cold.
   rPois:     It protects you from poison MP-9: It affects your magic capacity
   (-9).
   SInv:      It lets you see invisible.
 E - the amulet of Vitality (around neck) {RegenMP++ Regen++}
   (You found it on level 3 of the Elven Halls)

   [amulet of magic regeneration]

   RegenMP:   It increases your rate of magic regeneration.
   Regen++:   It increases your rate of health regeneration.
 H - the ring of the Mage (left hand) {Wiz Archmagi}
   (You found it on level 25 of a ziggurat)

   [ring of wizardry]

   Wiz:       It improves your spell success rate.
   Archmagi:  It increases the power of your magical spells.
 J - the ring of Moxzuaxe {+Blink rC+ Str+6 Int-2 SInv}
   (You found it on level 16 of a ziggurat)

   [ring of strength]

   Str+6:     It affects your strength (+6).
   Int-2:     It affects your intelligence (-2).
   rC+:       It protects you from cold.
   SInv:      It lets you see invisible.
   +Blink:    It lets you blink.
Wands
 d - a wand of digging (40)
 e - a wand of charming (70)
 j - a wand of light (86)
 k - a wand of iceblast (108)
 s - a wand of mindburst (82)
Scrolls
 m - 8 scrolls of revelation
 y - 7 scrolls of immolation
 B - a scroll of blinking
 C - 8 scrolls of poison
 F - 10 scrolls of fog
 S - 2 scrolls of butterflies
 T - 21 scrolls of teleportation
 V - 6 scrolls of vulnerability
Potions
 o - 3 potions of ambrosia
 q - 9 potions of curing
 u - 21 potions of mutation {!q}
 I - a potion of invisibility
 K - 10 potions of magic {!q}
 L - 10 potions of lignification
 N - a potion of cancellation {!q}
 R - a potion of resistance
 W - a potion of heal wounds {!q}
 X - 13 potions of enlightenment
Miscellaneous
 c - a condenser vane
 l - a lightning rod (4/4)
 n - a phial of floods
 x - a +1 figurine of a ziggurat {!v}
 G - the horn of Geryon
 O - a box of beasts
 U - a phantom mirror


   Skills:
 + Level 22.3 Fighting
 - Level 4.0 Polearms
 - Level 6.0 Throwing
 - Level 10.0 Armour
 - Level 14.0 Dodging
 - Level 3.0 Stealth
 - Level 17.0 Shields
 - Level 23.0 Spellcasting
 - Level 20.0 Conjurations
 O Level 27 Necromancy
 - Level 5.0 Translocations
 - Level 15.0 Fire Magic
 - Level 20.0 Air Magic
 - Level 7.0 Earth Magic
 - Level 14.0 Alchemy
 - Level 12.0 Evocations


You had one spell level left.
You knew the following spells:

 Your Spells              Type           Power      Damage    Failure   Level
a - Sublimation of Blood  Necr           100%       N/A       0%          2
d - Iskenderun's Mystic   Conj/Tloc      100%       2d19      1%          4
g - Apportation           Tloc           100%       N/A       1%          1
h - Lee's Rapid Deconstr  Erth           51%        3d24*     1%          5
j - Orb of Destruction    Conj           71%        9d16      1%          7
l - Chain Lightning       Conj/Air       71%        3d95      2%          9
m - Plasma Beam           Fire/Air       81%        2x1d99    1%          6
s - Maxwell's Capacitive  Air            71%        ∞         1%          8
w - Passwall              Erth           100%       N/A       1%          3
y - Yara's Violent Unrav  Hex/Alch       51%        3d20      1%          5
B - Blink                 Tloc           100%       N/A       1%          2
C - Fireball              Conj/Fire      81%        3d30      0%          5
E - Irradiate             Conj/Alch      68%        3d34      0%          5
Y - Death's Door          Necr           79%        N/A       1%          9

Your spell library contained the following spells:

 Spells                   Type           Power      Damage    Failure   Level
 Foxfire                  Conj/Fire      100%       2x1d9     0%          1
 Kiss of Death            Conj/Necr      100%       2d13      0%          1
 Magic Dart               Conj           100%       1d8       0%          1
 Necrotise                Necr           100%       1d9       0%          1
 Shock                    Conj/Air       100%       1d9       0%          1
 Sting                    Conj/Alch      100%       1d9       0%          1
 Freeze                   Ice            100%       1d10      1%          1
 Sandblast                Erth           100%       2d20      1%          1
 Slow                     Hex            100%       N/A       1%          1
 Summon Small Mammal      Summ           100%       N/A       1%          1
 Cigotuvi's Dreadful Rot  Necr/Alch/Air  100%       N/A       0%          2
 Mercury Vapours          Alch/Air       100%       N/A       0%          2
 Scorch                   Fire           100%       2d9       0%          2
 Searing Ray              Conj           100%       2d8       0%          2
 Static Discharge         Conj/Air       100%       3-8/arc   0%          2
 Dazzling Flash           Conj/Hex       100%       N/A       0%          3
 Fugue of the Fallen      Necr           100%       N/A       0%          3
 Hailstorm                Conj/Ice       100%       3d16      0%          3
 Mephitic Cloud           Conj/Alch/Air  100%       N/A       0%          3
 Stone Arrow              Conj/Erth      100%       3d13      0%          3
 Swiftness                Air            100%       N/A       0%          3
 Vampiric Draining        Necr           100%       2d13      0%          3
 Volatile Blastmotes      Fire/Tloc      100%       2d18      0%          3
 Airstrike                Air            71%        2d(11-27) 0%          4
 Animate Dead             Necr           100%       N/A       0%          4
 Brom's Barrelling Bould  Conj/Erth      100%       2d11      0%          4
 Dispel Undead            Necr           100%       3d31      0%          4
 Flame Wave               Conj/Fire      100%       2d21      0%          4
 Fulminant Prism          Conj/Alch      68%        3d27      0%          4
 Ignite Poison            Fire/Alch      100%       N/A       0%          4
 Sticky Flame             Fire/Alch      100%       2d15      0%          4
 Arcjolt                  Conj/Air       71%        1d81      0%          5
 Borgnjor's Vile Clutch   Necr/Erth      68%        N/A       0%          5
 Curse of Agony           Necr           100%       N/A       0%          5
 Iskenderun's Battlesphe  Conj           100%       2d15      0%          5
 Conjure Ball Lightning   Conj/Air       71%        3x3d26    0%          6
 Death Channel            Necr           79%        N/A       0%          6
 Call Imp                 Summ           100%       N/A       1%          2
 Ensorcelled Hibernation  Hex/Ice        100%       N/A       1%          2
 Jinxbite                 Hex            100%       N/A       1%          2
 Lesser Beckoning         Tloc           100%       N/A       1%          2
 Call Canine Familiar     Summ           63%        N/A       1%          3
 Confusing Touch          Hex            63%        N/A       1%          3
 Frozen Ramparts          Ice            100%       1d16      1%          3
 Gell's Gravitas          Tloc           93%        N/A       1%          3
 Inner Flame              Hex/Fire       100%       N/A       1%          3
 Ozocubu's Armour         Ice            63%        N/A       1%          3
 Sigil of Binding         Hex            63%        N/A       1%          3
 Summon Ice Beast         Ice/Summ       63%        N/A       1%          3
 Teleport Other           Tloc           93%        N/A       1%          3
 Tukima's Dance           Hex            63%        N/A       1%          3
 Anguish                  Hex/Necr       62%        N/A       1%          4
 Animate Armour           Summ/Erth      100%       N/A       1%          4
 Dimensional Bullseye     Hex/Tloc       39%        N/A       1%          4
 Leda's Liquefaction      Alch/Erth      58%        N/A       1%          4
 Manifold Assault         Tloc           93%        N/A       1%          4
 Martyr's Knell           Necr/Summ      100%       N/A       1%          4
 Petrify                  Alch/Erth      100%       N/A       1%          4
 Summon Blazeheart Golem  Fire/Summ      100%       N/A       1%          4
 Summon Lightning Spire   Summ/Air       100%       N/A       1%          4
 Vhi's Electric Charge    Tloc/Air       100%       N/A       1%          4
 Alistair's Intoxication  Alch           84%        N/A       1%          5
 Freezing Cloud           Conj/Ice/Air   62%        6-21      1%          5
 Silence                  Hex/Air        57%        N/A       1%          5
 Bombard                  Conj/Erth      62%        9d10      1%          6
 Starburst                Conj/Fire      81%        6d21      1%          6
 Haunt                    Necr/Summ      62%        N/A       1%          7
 Spellforged Servitor     Conj/Summ      57%        N/A       1%          7
 Borgnjor's Revivificati  Necr           79%        N/A       1%          8
 Ignition                 Fire           77%        3d20      1%          8
 Infestation              Necr           79%        N/A       1%          8
 Lehudib's Crystal Spear  Conj/Erth      62%        10d14     1%          8
 Cause Fear               Hex            31%        N/A       2%          4
 Summon Forest            Summ/Tloc      39%        N/A       2%          5
 Sculpt Simulacrum        Ice/Alch       51%        N/A       2%          6
 Dispersal                Tloc           46%        N/A       5%          6
 Fire Storm               Conj/Fire      81%        8d20      5%          9
 Metabolic Englaciation   Hex/Ice        31%        N/A       8%          5
 Summon Mana Viper        Hex/Summ       63%        N/A       8%          5
 Summon Cactus Giant      Summ           31%        N/A       36%         6
 Ozocubu's Refrigeration  Ice            31%        4d14      43%         7
 Malign Gateway           Summ/Tloc      39%        N/A       58%         7
 Enfeeble                 Hex            31%        N/A       89%         7
 Monstrous Menagerie      Summ           31%        N/A       89%         7
 Summon Hydra             Summ           31%        N/A       89%         7
 Disjunction              Tloc           46%        N/A       89%         8
 Shatter                  Erth           51%        3d39*     92%         9
 Polar Vortex             Ice            31%        12d4*     99%         9
 Discord                  Hex            31%        N/A       100%        8
 Summon Horrible Things   Summ           31%        N/A       100%        8
 Dragon's Call            Summ           31%        N/A       100%        9


Dungeon Overview and Level Annotations

Branches:
Dungeon (15/15)            Temple (1/1) D:7            Lair (5/5) D:9
  Swamp (4/4) Lair:2        Snake (4/4) Lair:3        Slime (5/5) Lair:5
    Orc (2/2) D:10            Elf (3/3) Orc:2        Vaults (5/5) D:14
  Crypt (3/3) Vaults:3       Tomb (1/3) Crypt:3      Depths (4/4) D:15
   Hell (visited)             Dis (0/7) Hell            Geh (0/7) Hell
    Coc (0/7) Hell            Tar (0/7) Hell            Zot (5/5) Depths:4
Gauntlet (visited)

Altars:
Ashenzari
Cheibriados
Dithmenos
Elyvilon
Fedhas
Gozag
Hepliaklqana
Kikubaaqudgha
Makhleb
Nemelex Xobeh
Okawaru
Qazlal
Ru
Sif Muna
Trog
Uskayaw
Vehumet
Wu Jian
Xom
Yredelemnul
Zin
The Shining One
Jiyva
Lugonu

Shops:
D:3 :   Orc:2 *=:[   Elf:3 :(?*   Snake:3 *   Vaults:3 (   Vaults:4 [
Depths:3 !   Depths:4 [

Portals:
Hell: Depths:1 Depths:2 Depths:3 Depths:4
Abyss: Depths:1 Depths:2 Depths:3 Depths:4
Pandemonium: Depths:2 Depths:4


Innate Abilities, Weirdness & Mutations

((You are very nimble when in or above water. (Stealth+, EV+, Speed+++)))
Your lower body shifts to a powerful aquatic tail in water.
Your mind is acute. (Int +4, Str/Dex -1)
You expend magic power (3 MP) to strengthen your wands.


Message History

Naas Diu is moderately wounded.
The bolt of lightning hits you! You resist.
You feel a surge of power! Lightning arcs from your hands!
The bolt of lightning hits Naas Diu!!!!
Naas Diu resists.
Naas Diu is severely wounded.
The bolt of lightning hits you! You resist.
A sixfirhy comes into view.
You block Naas Diu's attack.
A small abomination comes into view.
You feel a surge of power! Lightning arcs from your hands!
The bolt of lightning hits Naas Diu!!!
Naas Diu resists.
You kill Naas Diu!
Vehumet accepts your kill.
You feel your power returning.
The bolt of lightning hits the sixfirhy!!!
The sixfirhy resists.
You kill the sixfirhy!
Vehumet accepts your kill.
You feel your power returning. The bolt of lightning hits you! You resist.
The bolt of lightning hits the small abomination!!!
You destroy the small abomination!
Vehumet accepts your kill.
You feel your power returning.
You can't see any susceptible monsters within range! (Use Z to cast anyway.) HP restored.
Magic restored.
Done exploring.
Unknown command.
Things that are here:
a +0 hand axe; a +0 chain mail; a +0 club
There is an open door here.
There is a stone staircase leading up here.
Things that are here:
a +0 flail; a +0 whip You climb upwards.
There is a stone staircase leading down here.
There is a stone staircase leading up here.
You climb upwards.
There is a stone staircase leading down here.
There is an empty arch of ancient stone here.
An efreet comes into view.
It is wielding a +2 scimitar of flaming.
You feel a surge of power! Lightning arcs from your hands!
The bolt of lightning hits the efreet!!
The efreet is almost dead.
You feel a surge of power! Lightning arcs from your hands!
The bolt of lightning hits the efreet!!!!
You kill the efreet!
Vehumet accepts your kill.
You feel your power returning.
There is a staircase leading out of the dungeon here.
You have escaped!

..............................###
..........####♣♣.♣♣....#####.....
..........##♣§.♣...♣♣......#..#.#
..........#☼§♣♣..♣♣♣.☼.#.###..#.#
..........#.♣♣♣∩.∩..♣⌠.....#..#.#
..........#♣..∩...∩♣..##......#.#
..........♣♣♣∩..8..∩♣♣.###.#.##.#
............∩.......∩.♣..#.#.##.#
..........♣♣..8.@.8...♣..#.#.##.#
........)>♣.∩.......∩♣.....#.##.#
....###.#..♣.∩☼§8..∩.♣♣#......#.#
.##.###.#.#.♣♣§§..∩♣♣.........#.#
........#.#♣♣☼§∩.∩..♣§.######.#.#
..........#⌠§♣♣§♣♣♣♣..§# #.#.#
############§♣)♣♣..♣.#.# #.#.# #
###.♣.♣♣###.# #...# # ##........#
#####


There were no monsters in sight!

Vanquished Creatures
  the Royal Jelly (Slime:5)
  21 dread liches
  13 ancient liches
  10 orbs of fire
  Mennas (Crypt:2)
  The ghost of Atiunar the Hawkeye, a master TrDe of Gozag (Depths:3)
  A juggernaut (Depths:2)
  The ghost of Switch the Slayer, a veteran DDFi of Makhleb (Vaults:3)
  4 royal mummies
  15 Killer Klowns
  Boris (twice) (Depths:3 Crypt:1)
  Bai Suzhen (Crypt:3)
  Saint Roka (Snake:4)
  A shard shrike (Zig:12)
  Geryon (Hell)
  5 caustic shrikes (Zig:18)
  18 golden dragons
  Norris (Vaults:1)
  Nikola (Swamp:1)
  A bone dragon (Abyss:3)
  the Enchantress (Depths:3)
  Jory (Depths:3)
  3 Tzitzimimeh (Zig:15)
  7 electric golems
  26 tentacled monstrosities
  11 hellephants (Zig:25)
  Zenata (Elf:2)
  6 Ice Fiends
  3 Brimstone Fiends
  5 Hell Sentinels
  2 walking crystal tomes (Depths:2)
  A tainted leviathan (Hell)
  9 pandemonium lords
  18 liches
  A quicksilver dragon (shapeshifter) (Zig:22)
  27 Orb Guardians
  17 searing wretches
  A walking divine tome (Depths:2)
  Jorgrun (Swamp:2)
  6 quicksilver dragons
  6 deep elf blademasters
  2 walking frostbound tomes
  23 acid blobs
  10 deep elf master archers
  8 titans
  7 tentacled starspawn (Abyss:3)
  19 sphinxes
  The ghost of Busheng the Archmage, an adept DESh of Gozag (Snake:3)
  8 death cobs
  20 ancient champions
  3 Executioners
  Aizul (Snake:3)
  A shadow dragon (shapeshifter) (Zig:22)
  3 thorn hunters
  16 storm dragons
  12 draconian monks
  12 shadow dragons
  15 revenants
  7 protean progenitors
  Roxanne (D:15)
  8 tengu reavers
  The ghost of Lafaurph the Spry, an adept DECj of Vehumet (Swamp:2)
  A demonspawn warmonger (Zig:15)
  Donald (Slime:5)
  18 rockslimes
  15 azure jellies
  The ghost of Tonuywof the Fencer, an adept BaWr of Cheibriados (D:14)
  2 fenstrider witches
  17 draconian shifters
  17 vault wardens
  13 fire giants
  11 frost giants
  An iron dragon (Depths:2)
  7 deep elf sorcerers
  13 draconian knights
  A quicksilver elemental (Zig:18)
  7 nagarajas
  14 emperor scorpions
  3 narguns (Zig:12)
  22 balrugs
  17 ghost moths
  12 draconian scorchers
  2 caustic shrike zombies
  A juggernaut zombie (Depths:1)
  3 deep elf elementalists (Elf:3)
  14 draconian stormcallers
  10 curse skulls
  An angel (Abyss:3)
  10 orc warlords
  31 very ugly things
  2 demonspawn blood saints (Zig:15)
  8 reapers
  3 broodmothers
  A cacodemon (Depths:2)
  A stone giant (shapeshifter) (Zig:22)
  A demonspawn corrupter (Zig:15)
  A formless jellyfish (shapeshifter) (Zig:22)
  The ghost of Macafuodgh the Eclecticist, an adept DECj of Sif Muna (Depths:2)
  4 spriggan defenders
  8 ghouls
  23 stone giants
  17 draconian annihilators
  6 formless jellyfish
  13 ironbound preservers
  19 quicksilver oozes
  6 ironbound thunderhulks
  4 putrid mouths (Hell)
  8 eleionomae
  12 green draconians
  2 bennus (Zig:7)
  3 demonspawn black suns
  25 vampire knights
  7 war gargoyles
  5 wendigos (Zig:12)
  16 purple draconians
  An eleionoma (shapeshifter) (Zig:22)
  24 deep elf demonologists
  11 deep elf death magi
  4 lorocyprocas
  19 black draconians
  12 deep elf annihilators
  7 dire elephants
  21 white draconians
  17 yellow draconians
  10 spark wasps
  22 red draconians
  Azrael (D:13)
  4 bunyips
  The ghost of lis82 the Gelid, a journeyman DgIE (D:15)
  An iron golem (Hell)
  Snorg (Lair:3)
  A crystal guardian (Hell)
  2 quicksilver dragon zombies
  7 ettins
  6 green deaths
  12 eidola
  5 blizzard demons
  A merfolk impaler (Abyss:4)
  A fire dragon (shapeshifter) (Zig:22)
  8 fire dragons
  8 mummy priests
  The ghost of Rankomyk the Carver, a journeyman VSEn of Uskayaw (Lair:4)
  A kraken zombie (Hell)
  12 deep elf high priests
  16 entropy weavers
  A shambling mangrove (Swamp:1)
  26 yaktaur captains
  2 spriggan zombies (Crypt:3)
  37 vault guards
  6 rakshasas
  10 jiangshi
  A peacekeeper (Vaults:4)
  A salamander tyrant (Snake:4)
  12 hydras
  17 great orbs of eyes
  8 ghost crabs
  9 spriggan air magi
  5 hell beasts
  15 ice dragons
  19 alligators
  4 ogre magi
  7 centaur warriors
  3 radroaches
  4 death knights
  2 jorogumos
  48 dancing weapons
  17 anacondas
  5 ironbound frosthearts
  11 two-headed ogres
  A stoker (Hell)
  8 deep troll shamans
  10 death scarabs (Tomb:1)
  2 alligator snapping turtles (shapeshifter) (Zig:22)
  4 satyrs (Abyss:3)
  7 boulder beetles
  4 tengu warriors (Depths:2)
  7 deep troll earth magi
  13 demonic crawlers
  9 death yaks
  21 vampire magi
  7 hell hogs
  15 naga warriors
  An azure jelly zombie (Crypt:2)
  2 occultists
  8 thrashing horrors
  21 sun demons
  10 orc high priests
  7 spriggan berserkers
  7 shock serpents
  5 hell knights
  22 naga sharpshooters
  A storm dragon zombie (Crypt:1)
  24 deep elf knights
  3 crystal echidnas (Hell)
  3 skysharks
  A spectral spark wasp (Depths:2)
  9 wretched stars (Abyss:3)
  2 bunyip zombies
  A cyclops (shapeshifter) (Zig:22)
  2 anaconda zombies
  18 skeletal warriors
  11 iron trolls
  6 salamander mystics
  9 soul eaters
  2 iron trolls (shapeshifter) (Zig:22)
  5 pharaoh ants
  Lodul (D:12)
  8 sixfirhies
  A cherub (Zot:1)
  6 glowing orange brains
  14 shadow wraiths
  4 goliath frogs
  An orb spider (shapeshifter) (Depths:2)
  2 iron giant zombies
  20 deep elf archers
  A spectral anaconda (Snake:2)
  5 naga ritualists
  2 sun moths (Zig:16)
  2 swamp dragons (shapeshifter)
  5 arcanists
  3 spriggan druids
  A lindwurm (shapeshifter) (Zig:22)
  19 flayed ghosts
  42 deep trolls
  5 orb spiders
  8 bog bodies
  8 swamp dragons
  12 mana vipers
  22 ironbound convokers
  14 lindwurms
  A shadow demon (Zig:23)
  26 phantasmal warriors
  A harpy (Vaults:4)
  A mana viper (shapeshifter) (Elf:1)
  37 deep elf pyromancers
  6 anaconda skeletons
  A spriggan simulacrum (Depths:1)
  Pikel (D:7)
  3 steelbarb worms
  6 starcursed masses (Abyss:3)
  A golden dragon skeleton (Depths:1)
  7 necromancers
  2 obsidian statues
  A tengu zombie (Zig:11)
  16 orc knights
  33 deep elf zephyrmancers
  7 wolf spiders
  9 shining eyes
  3 manticores
  10 orc sorcerers
  6 cyclopes
  A moth of wrath (shapeshifter) (Zig:22)
  16 salamanders
  31 moths of wrath
  41 ugly things
  3 will-o-the-wisps
  2 dire elephant zombies
  14 vault sentinels
  6 meliai
  5 kobold blastminers
  30 black mambas
  12 elephants
  3 rust devils
  20 naga magi
  2 centaur skeletons
  A titan simulacrum (Crypt:1)
  14 large abominations
  3 apocalypse crabs
  9 guardian serpents
  9 torpor snails
  6 orange demons
  5 eyes of devastation
  6 gargoyles
  A kobold demonologist (D:11)
  A dire elephant skeleton (Crypt:2)
  8 cane toads
  3 unseen horrors
  A death yak zombie (Crypt:1)
  A redback zombie (Crypt:1)
  15 smoke demons
  4 rime drakes
  12 komodo dragons
  9 hellions
  5 efreet
  8 freezing wraiths
  A black draconian skeleton (Crypt:2)
  12 ice devils
  7 tormentors
  3 tengu conjurers
  2 green draconian skeletons (Crypt:2)
  22 yaktaurs
  21 guardian mummies
  3 anaconda simulacra (Snake:2)
  5 hellwings
  5 ancient zymes
  A sea snake skeleton (Hell)
  A red devil (D:13)
  6 polar bears
  3 harpy zombies (Crypt:3)
  2 spectral guardian serpents (Snake:2)
  A death yak skeleton (Crypt:2)
  An iron troll skeleton (Crypt:1)
  11 trolls
  10 glass eyes
  A queen bee (D:14)
  A polar bear (shapeshifter) (Elf:2)
  Grinder (D:3)
  7 tyrant leeches
  12 hornets
  A merfolk (Zot:4)
  4 bloated husks
  2 tarantellas (shapeshifter)
  3 snapping turtles (shapeshifter)
  7 saltlings (Orc:2)
  8 tarantellas
  2 wolf spider simulacra (D:15)
  12 dream sheep
  An iron dragon simulacrum (Crypt:1)
  15 blink frogs
  A dream sheep (shapeshifter) (Zig:27)
  A glass eye (shapeshifter) (Depths:2)
  10 raiju
  A frost giant simulacrum (Zig:7)
  A fire dragon skeleton (Crypt:3)
  176 slime creatures
  A guardian serpent skeleton (Crypt:2)
  Sigmund (D:6)
  2 ettin skeletons (Crypt:1)
  5 air elementals
  A black mamba zombie (Tomb:1)
  38 spriggans
  6 culicivoras
  8 jumping spiders
  14 shadows
  4 vampires
  71 yaks
  8 water elementals
  5 ynoxinuls
  A culicivora (shapeshifter) (Zig:6)
  6 spriggan skeletons
  4 centaur simulacra
  5 wyverns
  6 wraiths
  A dire elephant simulacrum (Tomb:1)
  2 humans (shapeshifter)
  38 fire elementals
  6 basilisks
  A redback (shapeshifter) (Zig:22)
  8 ushabtiu
  8 golden eyes
  10 chaos spawn
  6 neqoxecs
  2 sea snake simulacra
  23 redbacks
  8 wargs
  13 vampire mosquitoes
  A human zombie (Depths:1)
  Grum (D:8)
  A steam dragon (D:7)
  14 small abominations
  17 swamp worms
  3 harpy simulacra
  45 nagas
  Edmund (D:6)
  2 cane toad zombies (Crypt:1)
  14 water moccasins
  An entropy weaver zombie (Crypt:2)
  7 hell hounds
  A meliai simulacrum (D:15)
  4 guardian serpent simulacra (Snake:2)
  66 orc warriors
  A swamp drake (Swamp:1)
  A sky beast (D:6)
  7 black bears
  A fire dragon simulacrum (Crypt:2)
  28 laughing skulls
  3 ice beasts
  36 wolves
  9 boggarts
  33 ogres
  9 centaurs
  2 kobold brigands
  3 phantoms
  A weeping skull (Abyss:3)
  7 earth elementals
  A gnoll sergeant (D:7)
  16 bullfrogs
  A necrophage (Crypt:2)
  A brain worm (Abyss:3)
  4 scorpions
  4 naga simulacra (Snake:2)
  A wyvern zombie (D:8)
  16 wights
  4 spectral nagas (Snake:2)
  38 killer bees
  4 howler monkeys
  2 centaur zombies (D:8)
  2 electric eels
  2 quasits (Abyss:3)
  A hound (D:4)
  6 jellies (Lair:5)
  2 gnoll boudas
  2 sleepcaps
  Jessica (D:3)
  30 orc priests
  6 iguanas
  27 orc wizards
  5 hell rats (Hell)
  A killer bee zombie (D:8)
  A deep dwarf zombie (Crypt:1)
  2 naga skeletons
  A crocodile skeleton (Crypt:1)
  4 howler monkey zombies (D:8)
  27 mummies
  15 gnolls
  4 adders
  5 shadow imps
  4 white imps
  An ufetubus (D:10)
  A dart slug (D:3)
  2 ribbon worms (D:4)
  113 orcs
  2 bats
  13 endoplasms
  3 giant cockroaches
  6 goblins
  6 hobgoblins
  6 quokkas
  5 ball pythons
  A frilled lizard (D:3)
  22 kobolds
  3 rats
  9 aspiring fleshes
  2 creeping infernos (Hell)
  3 starspawn tentacles (Abyss:3)
3831 creatures vanquished.

Vanquished Creatures (collateral kills)
  4 vampire mosquitoes
4 creatures vanquished.

Vanquished Creatures (others)
  2 alligators (Swamp:4)
  A spriggan (Swamp:1)
  A hell knight (Depths:3)
  A sixfirhy (D:13)
  A deep elf pyromancer (Elf:1)
  A manticore (D:15)
  A bloated husk (Swamp:4)
  A hornet (Swamp:1)
  A ynoxinul (Depths:2)
  A water elemental (Elf:1)
  A hell hound (D:13)
  A small abomination (D:14)
  3 ball lightnings (D:14)
  75 foxfires
  7 starspawn tentacles (Abyss:3)
98 creatures vanquished.

Grand Total: 3933 creatures vanquished

Notes
Turn   | Place    | Note
-------+----------+-------------------------------------------
     0 | D:1      | Ge0ff the Merfolk Cinder Acolyte began the quest for the
                  | Orb.
     0 | D:1      | Reached XP level 1. HP: 18/18 MP: 2/2
   188 | D:1      | Reached skill level 1 in Stealth
   188 | D:1      | Reached XP level 2. HP: 24/24 MP: 3/3
   203 | D:1      | Learned a level 2 spell: Scorch
   644 | D:1      | Reached XP level 3. HP: 27/29 MP: 1/5
  1975 | D:3      | Reached XP level 4. HP: 35/35 MP: 4/7
  2646 | D:3      | Noticed Jessica
  2720 | D:3      | Reached XP level 5. HP: 41/41 MP: 3/9
  2928 | D:3      | Killed Jessica
  3242 | D:3      | Noticed Grinder
  3252 | D:3      | Paralysed by Grinder for 3 turns
  3255 | D:3      | Killed Grinder
  3256 | D:3      | Reached skill level 1 in Throwing
  3256 | D:3      | Reached XP level 6. HP: 23/47 MP: 0/10
  3733 | D:3      | Found Iweod's Book Emporium.
  4921 | D:4      | Reached skill level 5 in Fire Magic
  4921 | D:4      | Reached XP level 7. HP: 52/52 MP: 6/11
  5145 | D:4      | Learned a level 2 spell: Blink
  5191 | D:4      | Found Yxaedocw's Gadget Gallery.
  5677 | D:5      | Entered Level 5 of the Dungeon
  5835 | D:5      | Reached XP level 8. HP: 56/58 MP: 5/14
  6001 | D:5      | Identified the +6 quarterstaff of Youthful Indiscretion
                  | {freeze, rN+}
  6375 | D:5      | Found a stormy altar of Qazlal.
  6418 | D:5      | Found a white marble altar of Elyvilon.
  6981 | D:6      | Reached skill level 5 in Spellcasting
  6981 | D:6      | Reached skill level 1 in Translocations
  7028 | D:6      | Found a hazy altar of Hepliaklqana.
  7247 | D:6      | Reached skill level 1 in Evocations
  7315 | D:6      | Reached XP level 9. HP: 63/64 MP: 13/17
  7611 | D:6      | Noticed Sigmund
  7614 | D:6      | Killed Sigmund
  7809 | D:6      | Noticed Edmund
  7818 | D:6      | Killed Edmund
  8197 | D:6      | Found a hazy altar of Hepliaklqana.
  8428 | D:7      | Found a staircase to the Ecumenical Temple.
  8438 | Temple   | Entered the Ecumenical Temple
  8606 | D:7      | Noticed a cyclops
  8610 | D:7      | Killed a cyclops
  8611 | D:7      | Reached skill level 1 in Dodging
  8611 | D:7      | Reached skill level 1 in Conjurations
  8962 | D:7      | Reached XP level 10. HP: 70/71 MP: 14/20
  9041 | D:7      | Noticed Pikel
  9055 | D:7      | Killed Pikel
  9552 | D:7      | Found an ancient bone altar of Kikubaaqudgha.
  9582 | D:7      | Noticed a white ugly thing
  9583 | D:7      | Noticed a red ugly thing
  9585 | D:7      | Found a corrupted altar of Lugonu.
  9585 | D:7      | Noticed a purple ugly thing
  9692 | D:7      | Found a transporter.
  9694 | D:7      | Found a transporter.
  9974 | D:8      | Noticed Grum
  9978 | D:8      | Reached skill level 1 in Armour
  9985 | D:8      | Killed Grum
 10245 | D:8      | Found a blossoming altar of Fedhas.
 11261 | D:8      | Found a blossoming altar of Fedhas.
 11553 | D:9      | Reached XP level 11. HP: 77/77 MP: 17/23
 11604 | D:9      | Found a staircase to the Lair.
 11959 | D:9      | Noticed Maurice
 11960 | D:9      | Maurice changed into Maurice the adder
 11960 | D:9      | Noticed Maurice
 11965 | D:9      | Killed Maurice the adder
 12329 | D:9      | Noticed a two-headed ogre
 12337 | D:9      | Killed a two-headed ogre
 12338 | D:9      | Reached skill level 10 in Spellcasting
 12569 | D:10     | Entered Level 10 of the Dungeon
 13149 | D:10     | Found a hide-covered altar of Uskayaw.
 13334 | D:10     | Found a staircase to the Orcish Mines.
 13456 | D:10     | Reached skill level 5 in Conjurations
 13585 | D:10     | Found an opulent altar of Gozag.
 13586 | D:10     | Found a shimmering blue altar of Sif Muna.
 14096 | D:3      | Bought a book of the Spheres for 640 gold pieces
 14098 | D:3      | Learned a level 1 spell: Magic Dart
 14104 | D:3      | Learned a level 5 spell: Iskenderun's Battlesphere
 14110 | D:3      | Learned a level 5 spell: Fireball
 14619 | D:11     | Found a shadowy altar of Dithmenos.
 14747 | D:11     | Got the Grimoire of Curses and Cryomancy
 14813 | D:11     | Got Sif Muna's Papyrus of Misty Combat Magic
 15386 | Lair:1   | Entered Level 1 of the Lair of Beasts
 15393 | Lair:1   | Reached XP level 12. HP: 41/83 MP: 26/26
 16171 | Lair:1   | Noticed a skyshark
 16176 | Lair:1   | Killed a skyshark
 17463 | Lair:2   | Reached skill level 1 in Shields
 18001 | Lair:2   | Reached skill level 5 in Fighting
 18347 | Lair:2   | Reached XP level 13. HP: 92/92 MP: 27/27
 18484 | Lair:2   | Reached skill level 5 in Dodging
 19372 | Lair:2   | Found a staircase to the Swamp.
 19463 | Lair:3   | Noticed Snorg
 19606 | Lair:3   | Reached skill level 10 in Conjurations
 19953 | Lair:3   | Reached skill level 5 in Shields
 21012 | Lair:3   | Killed Snorg
 21013 | Lair:3   | Reached skill level 10 in Fire Magic
 21073 | Lair:3   | Found a staircase to the Snake Pit.
 22750 | Lair:4   | Found a broken altar of Ashenzari.
 24258 | Lair:4   | Reached XP level 14. HP: 103/103 MP: 27/29
 24380 | Lair:4   | Noticed Rankomyk's ghost (journeyman VSEn)
 24395 | Lair:4   | Found a runed translucent door.
 25108 | Lair:4   | Killed Rankomyk's ghost
 25240 | Lair:4   | Found a broken altar of Ashenzari.
 25830 | Lair:5   | Entered Level 5 of the Lair of Beasts
 26566 | Lair:5   | Found a viscous altar of Jiyva.
 26567 | Lair:5   | Found a staircase to the Slime Pits.
 29096 | Orc:1    | Entered Level 1 of the Orcish Mines
 29411 | Orc:1    | Reached XP level 15. HP: 108/108 MP: 30/30
 29731 | Orc:2    | Entered Level 2 of the Orcish Mines
 30100 | Orc:2    | Found a staircase to the Elven Halls.
 31041 | Orc:2    | Found Jirotz's Armour Shoppe.
 31059 | Orc:2    | Found Mipumani's Jewellery Boutique.
 31061 | Orc:2    | Found Waibooss's General Store.
 31067 | Orc:2    | Bought a scroll of blinking for 90 gold pieces
 31067 | Orc:2    | Bought a scroll of teleportation for 36 gold pieces
 31071 | Orc:2    | Bought a ring of willpower for 250 gold pieces
 31071 | Orc:2    | Bought the ring "Muirauz" {Fly rF+ SInv} for 357 gold
                  | pieces
 31165 | Orc:2    | Noticed an orc warlord
 31173 | Orc:2    | Killed an orc warlord
 31334 | Orc:2    | Found Loroipsex's Book Shop.
 31445 | Orc:2    | Found Jirotz's Armour Shoppe.
 31456 | Orc:2    | Found Mipumani's Jewellery Boutique.
 31458 | Orc:2    | Found Waibooss's General Store.
 31553 | Orc:2    | Found a staircase to the Elven Halls.
 31677 | Orc:2    | Bought the +1 pair of boots of Zapoangi {Rampage ^Drain
                  | rElec} for 268 gold pieces
 31700 | Orc:2    | Learned a level 3 spell: Stone Arrow
 31861 | Temple   | Fell from the grace of Ignis
 31861 | Temple   | Became a worshipper of Vehumet
 32604 | D:12     | Learned a level 6 spell: Plasma Beam
 32701 | D:12     | Noticed Lodul
 32709 | D:12     | Killed Lodul
 33399 | D:13     | Reached * piety under Vehumet
 33399 | D:13     | Offered knowledge of Freeze by Vehumet.
 33401 | D:13     | Noticed Azrael
 33414 | D:13     | Killed Azrael
 33498 | D:13     | Found a gate leading to a gauntlet.
 33631 | D:13     | You fall into a shaft and drop 1 floor!
 33741 | D:13     | Offered knowledge of Momentum Strike by Vehumet.
 33751 | Gauntlet | Entered a Gauntlet
 33751 | Gauntlet | Found a transporter.
 33751 | Gauntlet | Found a transporter.
 33763 | Gauntlet | Found a transporter.
 33763 | Gauntlet | Found a transporter.
 33772 | Gauntlet | Found a transporter.
 33795 | Gauntlet | Found a transporter.
 33797 | Gauntlet | Found a large runed translucent door.
 33798 | Gauntlet | Found a large runed translucent door.
 33800 | Gauntlet | Found a runed translucent gate.
 33801 | Gauntlet | Found a transporter.
 33801 | Gauntlet | Found a transporter.
 33804 | Gauntlet | Found a transporter.
 33808 | Gauntlet | Found a runed translucent gate.
 33808 | Gauntlet | Found a runed translucent gate.
 33810 | Gauntlet | Found a large runed translucent door.
 33811 | Gauntlet | Found a large runed translucent door.
 33823 | Gauntlet | Found a large runed translucent door.
 33823 | Gauntlet | Found a large runed translucent door.
 33824 | Gauntlet | Found a large runed translucent door.
 33824 | Gauntlet | Found a large runed translucent door.
 33831 | Gauntlet | Found a transporter.
 33831 | Gauntlet | Found the necklace of Bloodlust {Fury *Rage Will++ Int-3
                  | Slay+6}
 33834 | Gauntlet | Found a large runed translucent door.
 33834 | Gauntlet | Found a large runed translucent door.
 33834 | Gauntlet | Found a runed translucent door.
 33834 | Gauntlet | Found a runed translucent door.
 33835 | Gauntlet | Found a large runed translucent door.
 33836 | Gauntlet | Found a large runed translucent door.
 33838 | Gauntlet | Found a transporter.
 33856 | Gauntlet | Found a transporter.
 33902 | Gauntlet | Found a transporter.
 33918 | Gauntlet | Found a transporter.
 33934 | Gauntlet | Found a large runed translucent door.
 33934 | Gauntlet | Found a large runed translucent door.
 33935 | Gauntlet | Found a large runed translucent door.
 33936 | Gauntlet | Found a large runed translucent door.
 34021 | Gauntlet | Found a transporter.
 34036 | Gauntlet | Found a transporter.
 34166 | Gauntlet | Reached ** piety under Vehumet
 34184 | Gauntlet | Identified the +0 helmet of Syndicalism {-Tele +Inv rPois
                  | Will+}
 34211 | Gauntlet | Gained mutation: You occasionally lose the ability to read
                  | scrolls when taking damage. [a shining eye]
 34416 | Gauntlet | Identified the ring "Viajicece" {rF++ rC+++ MP+9 Str-2
                  | Int-2}
 34427 | Gauntlet | Identified the +5 acid dragon scales of Jerriw {rF+ rCorr}
 34484 | Gauntlet | Got the Omnibus of Virulence
 34740 | D:13     | Reached skill level 1 in Air Magic
 34740 | D:13     | Reached XP level 16. HP: 90/118 MP: 13/32
 34794 | D:13     | You fall into a shaft and drop 1 floor!
 34850 | D:14     | Reached skill level 5 in Armour
 34869 | D:14     | Found a portal to a secret trove of treasure.
 35243 | D:13     | Was forgiven by Ignis
 35834 | D:14     | Noticed Nessos
 36200 | D:14     | Found a transporter.
 36203 | D:14     | Noticed Tonuywof's ghost (adept BaWr)
 36204 | D:14     | Found a transporter.
 36364 | D:14     | Offered knowledge of Mephitic Cloud by Vehumet.
 36393 | D:14     | Found a gate to the Vaults.
 36775 | D:14     | Nessos changed into Nessos the dream sheep
 36775 | D:14     | Noticed Nessos
 36778 | D:14     | Killed Nessos the dream sheep
 36810 | D:14     | Reached *** piety under Vehumet
 36881 | D:15     | Entered Level 15 of the Dungeon
 36977 | D:15     | Noticed Roxanne
 37072 | D:15     | Learned a level 7 spell: Orb of Destruction
 37089 | D:15     | Noticed lis82's ghost (journeyman DgIE)
 37179 | D:15     | Found a runed translucent gate.
 37179 | D:15     | Found a runed translucent gate.
 37179 | D:15     | Found a runed translucent gate.
 37183 | D:15     | Offered knowledge of Dazzling Flash by Vehumet.
 37184 | D:15     | Reached skill level 10 in Fighting
 37221 | D:15     | Found a runed translucent door.
 37221 | D:15     | Noticed a storm dragon
 37269 | D:15     | Reached skill level 5 in Air Magic
 37427 | D:15     | Found a staircase to the Depths.
 37746 | D:15     | Found a white marble altar of Elyvilon.
 38525 | D:7      | Learned a level 6 spell: Conjure Ball Lightning
 38601 | D:4      | Bought a phial of floods for 520 gold pieces
 38852 | Swamp:1  | Entered Level 1 of the Swamp
 38908 | Swamp:1  | Reached **** piety under Vehumet
 38964 | Swamp:1  | Noticed Nikola
 39021 | Swamp:1  | Killed Nikola
 39105 | Swamp:1  | Offered knowledge of Olgreb's Toxic Radiance by Vehumet.
 39633 | Swamp:1  | You fall into a shaft and drop 1 floor!
 39690 | Swamp:2  | Reached XP level 17. HP: 116/128 MP: 23/33
 39786 | Swamp:2  | Identified a scroll of acquirement
 39787 | Swamp:2  | Acquired a staff of fire
 40208 | Swamp:2  | Found a glowing silver altar of Zin.
 40391 | Swamp:2  | Reached ***** piety under Vehumet
 40395 | Swamp:2  | Offered knowledge of Fulminant Prism by Vehumet.
 40547 | Swamp:2  | Noticed Jorgrun
 40560 | Swamp:2  | Killed Jorgrun
 40624 | Swamp:2  | Found a runed translucent door.
 40624 | Swamp:2  | Identified the +0 spear of Esiqabit {flame, ^Drain rF+
                  | Str+5 SInv}
 40628 | Swamp:2  | Noticed Lafaurph's ghost (adept DECj)
 41232 | Swamp:3  | Identified the +9 war axe "Cyhatrigh" {venom, rPois rF-
                  | Will+++ Str+3}
 41292 | Swamp:3  | Reached skill level 10 in Air Magic
 41298 | Swamp:3  | Learned a level 2 spell: Sublimation of Blood
 41523 | Lair:5   | Learned a level 8 spell: Maxwell's Capacitive Coupling
 42059 | Swamp:4  | Entered Level 4 of the Swamp
 42065 | Swamp:4  | Reached skill level 1 in Necromancy
 42067 | Swamp:4  | Reached skill level 2 in Necromancy
 42505 | Swamp:4  | Reached skill level 3 in Necromancy
 43017 | Swamp:4  | Noticed a tentacled monstrosity
 43022 | Swamp:4  | Reached skill level 4 in Necromancy
 43038 | Swamp:4  | Killed a tentacled monstrosity
 43292 | Swamp:4  | Reached skill level 5 in Necromancy
 43578 | Swamp:4  | Offered knowledge of Ignite Poison by Vehumet.
 43856 | Swamp:4  | Reached skill level 6 in Necromancy
 43858 | Swamp:4  | Reached XP level 18. HP: 134/134 MP: 7/34
 44189 | Swamp:4  | Got a decaying rune of Zot
 44869 | D:14     | Paralysed by a hornet for 3 turns
 44895 | D:14     | Killed Tonuywof's ghost
 45054 | D:15     | Killed lis82's ghost
 45060 | D:15     | Reached skill level 7 in Necromancy
 45193 | D:15     | Killed Roxanne
 45429 | Snake:1  | Entered Level 1 of the Snake Pit
 45873 | Snake:1  | Lost mutation: You occasionally lose the ability to read
                  | scrolls when taking damage. [potion of mutation]
 45873 | Snake:1  | Gained mutation: You occasionally lose the ability to drink
                  | potions when taking damage. [potion of mutation]
 45873 | Snake:1  | Gained mutation: You are frail. (-10% HP) [potion of
                  | mutation]
 45873 | Snake:1  | Gained mutation: You have an increased reservoir of magic.
                  | (+10% MP) [potion of mutation]
 45874 | Snake:1  | Lost mutation: You occasionally lose the ability to drink
                  | potions when taking damage. [potion of mutation]
 45874 | Snake:1  | Lost mutation: You have an increased reservoir of magic.
                  | (+10% MP) [potion of mutation]
 45874 | Snake:1  | Lost mutation: You are frail. (-10% HP) [potion of
                  | mutation]
 45874 | Snake:1  | Gained mutation: You have a pair of small antennae on your
                  | head. [potion of mutation]
 45875 | Snake:1  | Lost mutation: You have a pair of small antennae on your
                  | head. [potion of mutation]
 45875 | Snake:1  | Gained mutation: You are somewhat resistant to further
                  | mutation. [potion of mutation]
 45875 | Snake:1  | Gained mutation: Your flesh is cold resistant. (rC+)
                  | [potion of mutation]
 46103 | Snake:1  | Offered knowledge of Lee's Rapid Deconstruction by Vehumet.
 46370 | Orc:2    | Bought a scroll of amnesia for 48 gold pieces
 46377 | Orc:2    | Learned a level 5 spell: Lee's Rapid Deconstruction
 47508 | Snake:2  | Reached skill level 1 in Earth Magic
 47736 | Snake:2  | Reached skill level 8 in Necromancy
 48911 | Snake:3  | Found a runed translucent gate.
 48911 | Snake:3  | Found a runed translucent gate.
 48911 | Snake:3  | Found a runed translucent gate.
 48913 | Snake:3  | Found an opulent altar of Gozag.
 48915 | Snake:3  | Found Halunk's Assorted Antiques.
 48915 | Snake:3  | Noticed Busheng's ghost (adept DESh)
 49092 | Snake:3  | Identified the serpent talisman "Futis" {Str+3 Dex+2}
 49092 | Snake:3  | Noticed Aizul
 49096 | Snake:3  | Killed Aizul
 49969 | Snake:3  | Reached XP level 19. HP: 140/140 MP: 32/35
 50752 | Snake:4  | Entered Level 4 of the Snake Pit
 51644 | Snake:4  | Learned a level 5 spell: Irradiate
 51833 | Snake:4  | Noticed Saint Roka
 51841 | Snake:4  | Killed Saint Roka
 52203 | Snake:4  | Reached ****** piety under Vehumet
 52456 | Snake:4  | Identified the +1 hand axe of Domination {elec, rF+ Will++
                  | Str-3}
 52457 | Snake:4  | Offered knowledge of Eringya's Noxious Bog by Vehumet.
 53824 | Snake:4  | Got a serpentine rune of Zot
 54518 | Snake:3  | Killed Busheng's ghost
 54625 | Snake:3  | Bought 2 potions of haste for 560 gold pieces
 54625 | Snake:3  | Bought a potion of mutation for 224 gold pieces
 54625 | Snake:3  | Bought a scroll of blinking for 210 gold pieces
 55204 | Swamp:2  | Killed Lafaurph's ghost
 55513 | Swamp:2  | Found a glowing silver altar of Zin.
 56265 | Elf:1    | Entered Level 1 of the Elven Halls
 56362 | Elf:1    | Reached XP level 20. HP: 150/150 MP: 31/38
 56378 | Elf:1    | Offered knowledge of Bombard by Vehumet.
 57413 | Elf:2    | Paralysed by an air elemental for 1 turns
 57582 | Elf:2    | Reached skill level 10 in Shields
 57754 | Elf:2    | Reached skill level 5 in Earth Magic
 58039 | Elf:2    | Found a huge runed translucent gate.
 58039 | Elf:2    | Found a huge runed translucent gate.
 58039 | Elf:2    | Found a huge runed translucent gate.
 58039 | Elf:2    | Found a huge runed translucent gate.
 58040 | Elf:2    | Found a huge runed translucent gate.
 58388 | Elf:2    | Got the Monograph on the Boggart
 58485 | Elf:2    | Offered knowledge of Freezing Cloud by Vehumet.
 58497 | Elf:2    | Noticed Zenata
 58506 | Elf:2    | Killed Zenata
 59690 | Elf:3    | Entered Level 3 of the Elven Halls
 59748 | Elf:3    | Identified the +3 ring mail of Weopt {*Corrode *Slow +Inv
                  | rN+++}
 59764 | Elf:3    | Found a gateway to a bazaar.
 59816 | Elf:3    | Found Wegec's Book Emporium.
 59880 | Elf:3    | Found Wopna's Antique Weapon Emporium.
 59911 | Elf:3    | Found Zis Kawn's Magic Scroll Emporium.
 59920 | Elf:3    | Bought a scroll of acquirement for 624 gold pieces
 59920 | Elf:3    | Acquired 1014 gold pieces
 59969 | Elf:3    | Found Xeinorgh's General Store.
 60007 | Elf:3    | Offered knowledge of Ignition by Vehumet.
 60243 | Elf:3    | Reached XP level 21. HP: 159/159 MP: 32/39
 60334 | Abyss:3  | Cast into level 3 of the Abyss (a deep elf sorcerer)
 60419 | Abyss:3  | Learned a level 3 spell: Passwall
 60625 | Abyss:3  | Reached skill level 1 in Alchemy
 60692 | Abyss:3  | Noticed a bone dragon
 60723 | Abyss:3  | Found a corrupted altar of Lugonu.
 60788 | Elf:3    | Escaped the Abyss
 61367 | Elf:3    | Identified the +1 leather armour of Dull Brilliance {Str+3}
 61367 | Elf:3    | Identified the ring of Gunevaedgh {rN+ Will+ rCorr Str+5
                  | Int-2}
 61371 | Elf:3    | Identified the +7 great sword "Umimmot" {elec, ^Contam
                  | rElec rPois rCorr}
 61374 | Elf:3    | Offered knowledge of Lehudib's Crystal Spear by Vehumet.
 61374 | Elf:3    | Offered knowledge of Shatter by Vehumet.
 61374 | Elf:3    | Offered knowledge of Chain Lightning by Vehumet.
 61439 | Elf:3    | Identified the staff "Yfurhu" {rC- rN+ Str+3 Int+3 Dex+3
                  | Necro}
 61451 | Elf:3    | Found the amulet of Vitality {RegenMP++ Regen++}
 61490 | Elf:3    | Identified the staff "Imelimn" {rF+ rN+ Str+3 Int+4 Fire}
 61520 | Elf:3    | Identified the +0 ring mail "Wuhauxap" {rPois rN+ Int-3}
 61561 | Elf:3    | Got Wanoj's Incunabulum of the Impact
 61941 | Vaults:1 | Entered Level 1 of the Vaults
 62077 | Vaults:1 | Noticed Norris
 62080 | Vaults:1 | Killed Norris
 62272 | Vaults:1 | Learned a level 1 spell: Apportation
 62648 | Vaults:1 | Identified the +3 hand axe of the Writhing Messenger {holy,
                  | +Blink Will+ Str+3 Dex-5}
 62784 | Vaults:1 | Reached skill level 5 in Alchemy
 63806 | Vaults:2 | Reached XP level 22. HP: 167/167 MP: 40/40
 64265 | Vaults:2 | You fall into a shaft and drop 2 floors!
 64460 | Vaults:4 | Reached skill level 15 in Air Magic
 64704 | Vaults:4 | Found Baeb's Antique Armour Shop.
 64769 | Vaults:3 | Found a staircase to the Crypt.
 65534 | Vaults:3 | Found a runed translucent gate.
 65534 | Vaults:3 | Found a runed translucent gate.
 65534 | Vaults:3 | Noticed Switch's ghost (veteran DDFi)
 65535 | Vaults:3 | Found a runed translucent gate.
 65569 | Vaults:3 | Found Keny's Weapon Shop.
 65928 | Vaults:3 | Found a viscous altar of Jiyva.
 66938 | Depths:1 | Entered Level 1 of the Depths
 66988 | Depths:2 | Reached skill level 10 in Dodging
 66988 | Depths:2 | Reached XP level 23. HP: 163/175 MP: 41/41
 67012 | Depths:2 | Found a gateway to Hell.
 67033 | Depths:3 | Found a one-way gateway to a ziggurat.
 67055 | Depths:4 | Entered Level 4 of the Depths
 67114 | Depths:4 | Found a gate to the Realm of Zot.
 67114 | Depths:4 | Noticed a golden dragon
 67116 | Depths:4 | Got a midnight gem with 2824 turns to spare
 67134 | Depths:4 | Killed a golden dragon
 67173 | Depths:4 | Reached skill level 5 in Translocations
 67238 | Depths:2 | Found a basalt altar of Yredelemnul.
 67377 | Depths:2 | You fall into a shaft and drop 1 floor!
 67384 | Depths:3 | Noticed the Enchantress
 67661 | Depths:1 | Found a hide-covered altar of Uskayaw.
 67851 | Depths:1 | Found a one-way gate to the infinite horrors of the Abyss.
 68028 | Depths:1 | Reached skill level 15 in Spellcasting
 68142 | Depths:1 | Found a burning altar of Makhleb.
 68155 | Depths:1 | Found a glowing golden altar of the Shining One.
 68512 | Depths:2 | Found a runed translucent gate.
 68512 | Depths:2 | Found a runed translucent gate.
 68512 | Depths:2 | Found a runed translucent gate.
 68513 | Depths:2 | Found a corrupted altar of Lugonu.
 68515 | Depths:2 | Noticed Macafuodgh's ghost (adept DECj)
 69102 | Depths:2 | Noticed a golden dragon
 69106 | Depths:2 | Killed a golden dragon
 69216 | Depths:2 | Reached skill level 10 in Alchemy
 69286 | Depths:2 | Noticed a golden dragon
 69293 | Depths:2 | Killed a golden dragon
 69329 | Depths:2 | Reached XP level 24. HP: 167/185 MP: 37/42
 69425 | Depths:2 | Noticed a juggernaut
 69429 | Depths:2 | Killed a juggernaut
 69597 | Depths:2 | Identified the +4 spear "Newtbane" {freeze, rPois rN+
                  | Dex-4}
 69602 | Depths:2 | Identified the ring "Duphef" {rC+ rN+ SInv}
 69916 | Depths:2 | Found a one-way gate leading to the halls of Pandemonium.
 69948 | Depths:2 | Lost the midnight gem through the power of Zot.
 70299 | Depths:3 | Identified the ring "Aboifunt" {Ice ^Drain Dex+6}
 70661 | Depths:3 | Noticed Boris
 70662 | Depths:3 | Killed the Enchantress
 70670 | Depths:3 | Killed Boris
 70838 | Depths:3 | Identified the +4 robe "Juletaofra" {Will+ Dex+2}
 70924 | Depths:3 | Identified the +2 pair of gloves of Nuttory {rCorr Str+3}
 70940 | Depths:3 | Identified the +6 scale mail of Ylapax {Fly rC- Str+3}
 71005 | Depths:3 | Found a runed translucent gate.
 71006 | Depths:3 | Found a runed translucent gate.
 71006 | Depths:3 | Found a runed translucent gate.
 71007 | Depths:3 | Found an ancient bone altar of Kikubaaqudgha.
 71007 | Depths:3 | Noticed an ancient lich
 71008 | Depths:3 | Noticed a dread lich
 71008 | Depths:3 | Noticed a dread lich
 71008 | Depths:3 | Noticed Atiunar's ghost (master TrDe)
 71008 | Depths:3 | Noticed an ancient lich
 71268 | Depths:3 | Found Caqit's Distillery.
 71602 | Depths:3 | Noticed Jory
 71606 | Depths:3 | Killed Jory
 71808 | Depths:4 | Reached skill level 15 in Fighting
 72325 | Depths:4 | Found a glowing golden altar of the Shining One.
 72385 | Depths:4 | Found Maucur's Antique Armour Shoppe.
 73310 | Crypt:1  | Entered Level 1 of the Crypt
 73322 | Crypt:1  | Reached skill level 10 in Armour
 73396 | Crypt:2  | Noticed Mennas
 73532 | Crypt:2  | Reached XP level 25. HP: 194/194 MP: 42/42
 73602 | Crypt:3  | Entered Level 3 of the Crypt
 73643 | Crypt:3  | Got the Codex of the Cemetery
 73768 | Crypt:3  | Reached skill level 15 in Shields
 73786 | Crypt:3  | Found an ancient bone altar of Kikubaaqudgha.
 73800 | Crypt:3  | Noticed a dread lich
 73805 | Crypt:3  | Killed a dread lich
 73813 | Crypt:3  | Got an ivory gem with 1297 turns to spare
 73955 | Crypt:3  | Learned a level 4 spell: Iskenderun's Mystic Blast
 74079 | Crypt:3  | Noticed Bai Suzhen
 74083 | Crypt:3  | Killed Bai Suzhen
 74439 | Crypt:3  | Reached skill level 9 in Necromancy
 74493 | Crypt:3  | Identified the +8 dagger of Welfare {distort, rPois}
 74496 | Crypt:3  | Identified the +3 falchion of Beulauvo {speed, rF+ Int+4}
 74501 | Crypt:3  | Found a staircase to the Tomb.
 74931 | Crypt:3  | Identified the +5 dagger "Ythigheara" {speed, rPois rC+}
 75130 | Crypt:3  | Lost the ivory gem through the power of Zot.
 75352 | Crypt:2  | Killed Mennas
 75353 | Crypt:2  | Reached skill level 5 in Evocations
 76530 | Crypt:1  | Noticed Boris
 76615 | Crypt:1  | Found a basalt altar of Yredelemnul.
 76640 | Crypt:1  | Killed Boris
 76641 | Crypt:1  | Reached skill level 10 in Necromancy
 76677 | Crypt:1  | Reached skill level 5 in Throwing
 77657 | Bazaar   | Entered a bazaar
 77663 | Bazaar   | Found Geruagim's Weapon Boutique.
 77681 | Bazaar   | Found Mike's Antique Weapon Shop.
 77686 | Bazaar   | Found Ulaik's Weapon Boutique.
 77691 | Bazaar   | Found Gut Inut's Book Shoppe.
 78013 | Vaults:5 | Entered Level 5 of the Vaults
 78155 | Vaults:5 | Reached XP level 26. HP: 94/200 MP: 42/42
 78169 | Vaults:5 | Reached skill level 11 in Necromancy
 78623 | Vaults:5 | Identified the ring "Usametue" {Fly rElec rN+ Int+2}
 78976 | Vaults:5 | Reached skill level 15 in Fire Magic
 78987 | Vaults:5 | Identified the +8 orcbow of Qazlal {freeze, Int+3}
 79181 | Vaults:3 | Killed Switch's ghost
 79213 | Vaults:3 | Identified the +0 helmet of Blue Knowledge {Int+4}
 79964 | D:14     | You paid a toll of +2 storm dragon scales to enter a
                  | treasure trove
 79965 | Trove    | Entered a treasure trove
 79982 | Trove    | Identified the +4 whip "Raghiss" {drain, Will+}
 80016 | Trove    | Identified the amulet of Propriety {Reflect rElec rC+ Str+4
                  | SH+5}
 80019 | Trove    | Identified the amulet "Osutouq" {Fly rN+ Regen+ Int+2}
 80291 | Vaults:5 | Reached skill level 12 in Necromancy
 80295 | Vaults:5 | Noticed an ancient lich
 80304 | Vaults:5 | Killed an ancient lich
 80643 | Vaults:5 | Reached skill level 10 in Evocations
 80808 | Vaults:5 | Got a silver rune of Zot
 81930 | Depths:2 | Killed Macafuodgh's ghost
 81944 | Depths:2 | Gained mutation: Your spells are a little easier to cast,
                  | but a little less powerful. [a cacodemon]
 82126 | Depths:2 | Found a corrupted altar of Lugonu.
 82499 | Depths:2 | Found a basalt altar of Yredelemnul.
 83178 | Depths:3 | Killed a dread lich
 83181 | Depths:3 | Killed an ancient lich
 83182 | Depths:3 | Killed an ancient lich
 83184 | Depths:3 | Killed Atiunar's ghost
 83185 | Depths:3 | Reached skill level 13 in Necromancy
 83185 | Depths:3 | Killed a dread lich
 83202 | Depths:3 | Identified the +1 hat of the Guild-Master {Int+2}
 83207 | Depths:3 | Identified the ring of Fagill {rF+ Str+3 Int-2 Dex+2 SInv}
 83709 | Tomb:1   | Entered Level 1 of the Tomb of the Ancients
 84145 | Tomb:1   | Reached XP level 27. HP: 189/207 MP: 42/42
 84407 | Tomb:1   | Noticed a royal mummy
 84423 | Tomb:1   | Killed a royal mummy
 85531 | Slime:1  | Entered Level 1 of the Pits of Slime
 86530 | Slime:1  | Gained mutation: Your magical capacity is low. (-10% MP) [a
                  | shining eye]
 86729 | Slime:3  | Lost mutation: Your magical capacity is low. (-10% MP) [a
                  | shining eye]
 87124 | Slime:3  | Gained mutation: You do not regenerate when monsters are
                  | visible. [mutagenic glow]
 87294 | Slime:4  | Reached skill level 15 in Conjurations
 87852 | Slime:5  | Entered Level 5 of the Pits of Slime
 87969 | Slime:5  | Noticed Donald
 88006 | Slime:5  | Noticed the Royal Jelly
 88157 | Slime:5  | Killed Donald
 88938 | Slime:5  | Killed the Royal Jelly
 88948 | Slime:5  | nice teleporting
 88948 | Slime:5  | Found the +8 mithril axe "Arga" {speed, Will+}
 90316 | Slime:5  | Identified the +8 plate armour of the Soldier {rN+ Str+5
                  | Slay+2}
 90317 | Slime:5  | Identified the staff of Ynipem {rF+ rC+ Will+ Stlth+ Ice}
 90331 | Slime:5  | Got a slimy rune of Zot
 90339 | Slime:5  | Got the Vellum of Numb Thermatology
 90353 | Slime:5  | Identified the +2 leather armour of the Devil {*Corrode
                  | rPois Int+4}
 90399 | Slime:5  | Identified the ring of Pucrin {rPois Will- Int+3 Dex+6}
 91119 | D:4      | Bought a box of beasts for 520 gold pieces
 91119 | D:4      | Bought a wand of charming (7) for 218 gold pieces
 91119 | D:4      | Bought a wand of light (5) for 273 gold pieces
 91444 | Depths:3 | Bought a potion of invisibility for 200 gold pieces
 91444 | Depths:3 | Bought a potion of curing for 75 gold pieces
 91444 | Depths:3 | Bought a potion of brilliance for 100 gold pieces
 91444 | Depths:3 | Bought a potion of curing for 75 gold pieces
 91444 | Depths:3 | Bought a potion of ambrosia for 200 gold pieces
 91675 | Orc:2    | Bought a book of Misfortune for 510 gold pieces
 91811 | Elf:3    | Bought a scroll of vulnerability for 60 gold pieces
 92145 | Vaults:3 | Bought 3 silver javelins for 513 gold pieces
 92476 | Zot:1    | Entered Level 1 of the Realm of Zot
 92526 | Zot:1    | Learned a level 9 spell: Chain Lightning
 92645 | Zot:1    | Noticed an orb of fire
 92651 | Zot:1    | Killed an orb of fire
 94355 | Zot:2    | Identified the +1 robe "Guiw" {MP+9 Int+6}
 96267 | Zot:3    | Noticed an orb of fire
 96274 | Zot:3    | Killed an orb of fire
 96578 | Zot:3    | Noticed an orb of fire
 96583 | Zot:3    | Killed an orb of fire
 99936 | Zot:5    | Entered Level 5 of the Realm of Zot
100438 | Zot:5    | Noticed an orb of fire
100439 | Zot:5    | Lost mutation: You do not regenerate when monsters are
                  | visible. [an orb of fire]
100442 | Zot:5    | Killed an orb of fire
101344 | Zot:5    | Noticed an orb of fire
101349 | Zot:5    | Killed an orb of fire
102267 | Zot:5    | Noticed an orb of fire
102273 | Zot:5    | Killed an orb of fire
102386 | Zot:5    | Noticed an orb of fire
102390 | Zot:5    | Killed an orb of fire
102391 | Zot:5    | Reached skill level 14 in Necromancy
102408 | Zot:5    | Noticed an ancient lich
102414 | Zot:5    | Killed an ancient lich
102706 | Zot:5    | Noticed an orb of fire
102707 | Zot:5    | Gained mutation: Your muscles are strong. (Str +4, Int/Dex
                  | -1) [an orb of fire]
102711 | Zot:5    | Killed an orb of fire
103235 | Zot:5    | Noticed an orb of fire
103245 | Zot:5    | Killed an orb of fire
103641 | Zot:5    | Reached skill level 15 in Necromancy
104071 | Zot:5    | Noticed an orb of fire
104077 | Zot:5    | Killed an orb of fire
104507 | Zot:5    | Reached skill level 16 in Necromancy
104991 | Zot:5    | Noticed a dread lich
105008 | Zot:5    | Killed a dread lich
107235 | Depths:3 | Voluntarily entered the Abyss.
107428 | Depths:3 | Escaped the Abyss
107477 | Depths:3 | Voluntarily entered the Abyss.
107620 | Depths:3 | Escaped the Abyss
107732 | Depths:3 | Voluntarily entered the Abyss.
107799 | Abyss:3  | Found a corrupted altar of Lugonu.
107935 | Abyss:3  | Found a transporter.
107993 | Abyss:4  | Got an abyssal rune of Zot
107994 | Abyss:4  | much easier
107999 | Depths:3 | Escaped the Abyss
108133 | Depths:3 | Learned a level 5 spell: Yara's Violent Unravelling
108183 | Hell     | Entered the Vestibule of Hell
108183 | Hell     | Noticed Geryon
108196 | Hell     | Killed Geryon
108394 | Hell     | Found a gateway to the Iron City of Dis.
108480 | Hell     | Found a gateway to the ashen valley of Gehenna.
108532 | Hell     | Found a gateway to the decaying netherworld of Tartarus.
108591 | Hell     | Found a gateway to the freezing wastes of Cocytus.
109818 | Zig:1    | Entered Level 1 of a ziggurat
109844 | Zig:2    | Entered Level 2 of a ziggurat
109905 | Zig:2    | Identified the +2 leather armour of Oleashev {rC++ Will+
                  | Slay+5 Stlth-}
109912 | Zig:3    | Entered Level 3 of a ziggurat
109950 | Zig:3    | Got Xyutem's Incunabulum of Spectral Immolation
110054 | Zig:4    | Entered Level 4 of a ziggurat
110057 | Zig:4    | Noticed an ancient lich
110060 | Zig:4    | Killed an ancient lich
110074 | Zig:4    | Identified the +2 robe of the Volcano {-Cast rF+++ rCorr
                  | Int-2}
110086 | Zig:5    | Entered Level 5 of a ziggurat
110126 | Zig:5    | Identified the staff of the Real Monster {rElec rC+ Will-
                  | rCorr Ice Air}
110133 | Zig:6    | Entered Level 6 of a ziggurat
110139 | Zig:6    | Found the +6 lightning scales {swift, rElec}
110170 | Zig:7    | Entered Level 7 of a ziggurat
110206 | Zig:7    | Identified the +6 hand axe "Pendulum" {freeze, *Rage Str-4
                  | Int+2 Dex+7}
110207 | Zig:7    | Identified the staff of Feral Purpose {Str+4 Earth}
110216 | Zig:8    | Entered Level 8 of a ziggurat
110229 | Zig:8    | Reached skill level 17 in Necromancy
110313 | Zig:9    | Entered Level 9 of a ziggurat
110320 | Zig:9    | Noticed an ancient lich
110325 | Zig:9    | Killed an ancient lich
110366 | Zig:9    | Got the Omnibus of Hermetica
110383 | Zig:10   | Entered Level 10 of a ziggurat
110414 | Zig:10   | Identified the +0 plate armour of Abstinence {Will+ rCorr
                  | Dex+6}
110415 | Zig:10   | Identified the +1 long sword "Nut Nokh" {drain, rPois
                  | Will++}
110429 | Zig:11   | Entered Level 11 of a ziggurat
110437 | Zig:11   | Noticed a royal mummy
110438 | Zig:11   | Noticed a royal mummy
110439 | Zig:11   | Noticed a royal mummy
110447 | Zig:11   | Killed a royal mummy
110447 | Zig:11   | Killed a royal mummy
110451 | Zig:11   | Killed a royal mummy
110524 | Zig:11   | Found the +8 frozen axe "Frostbite" {freeze, freezing
                  | cloud, *Noise Fly rC+}
110532 | Zig:11   | Got Fakkur's Incunable of Production
110541 | Zig:11   | Identified the ring of Heresy {Fly rElec}
110550 | Zig:12   | Entered Level 12 of a ziggurat
110667 | Zig:12   | Identified the ring "Jemejiod" {rF+ MP+9}
110673 | Zig:13   | Entered Level 13 of a ziggurat
110682 | Zig:13   | Found the brooch of Shielding {Spirit SH+8}
110682 | Zig:13   | Found the +8 pair of quick blades "Gyre" and "Gimble"
                  | {protect}
110762 | Zig:13   | Identified the +0 flail of World Downfall {antimagic, rC++}
110812 | Zig:14   | Entered Level 14 of a ziggurat
110929 | Zig:14   | Identified the +0 pair of gloves of Asceticism {^Drain
                  | rF+++ Will++ Stlth-}
110937 | Zig:14   | Identified the +1 trident "Cytijuh" {pain, rElec Int+4
                  | Dex+2 Stlth-}
110965 | Zig:14   | Lost mutation: Your muscles are strong. (Str +4, Int/Dex
                  | -1) [potion of mutation]
110965 | Zig:14   | Lost mutation: Your flesh is cold resistant. (rC+) [potion
                  | of mutation]
110965 | Zig:14   | Lost mutation: Your spells are a little easier to cast, but
                  | a little less powerful. [potion of mutation]
110968 | Zig:15   | Entered Level 15 of a ziggurat
110969 | Zig:15   | wat
110991 | Zig:15   | Noticed Faffatwi the pandemonium lord
110993 | Zig:15   | Killed Faffatwi the pandemonium lord
111114 | Zig:15   | Identified the +7 dagger of Change {protect, rF- Str+4
                  | Int+3 SInv}
111115 | Zig:15   | Identified the ring of the Scarab {rC+ rCorr Dex+5 Slay+3}
111122 | Zig:15   | Identified the +4 longbow of Patience {drain, +Blink rC-
                  | rCorr Str+4}
111132 | Zig:16   | Entered Level 16 of a ziggurat
111141 | Zig:16   | Reached skill level 18 in Necromancy
111171 | Zig:16   | Identified the +6 orcbow of Butchery {drain, Fly MP-9
                  | Str+2}
111179 | Zig:16   | Identified the ring "Muttub" {rPois Str+3 Slay+2 SInv}
111209 | Zig:16   | Identified the ring of Moxzuaxe {+Blink rC+ Str+6 Int-2
                  | SInv}
111226 | Zig:17   | Entered Level 17 of a ziggurat
111270 | Zig:17   | Identified the +3 glaive "Pukengosh" {venom, rF+ rC+}
111280 | Zig:17   | Identified the +11 falchion of Watchfulness {protect, rC+
                  | Int+3}
111308 | Zig:18   | Entered Level 18 of a ziggurat
111346 | Zig:18   | Found the +5 Lochaber axe {reach-cleave, Poleaxe ^Drain}
111349 | Zig:19   | Entered Level 19 of a ziggurat
111450 | Zig:19   | Found the +8 whip "Snakebite" {venom, curare, rPois}
111466 | Zig:19   | Identified the staff "Nixtoymiad" {rPois rF+ Alchemy}
111470 | Zig:19   | Identified the +1 sling of Zuurghalo {heavy, ^Drain Str+5}
111474 | Zig:19   | Identified the +0 falchion of Context {flame, rElec Int-3
                  | Dex+3}
111524 | Zig:20   | Entered Level 20 of a ziggurat
111629 | Zig:20   | Identified the ring of Dog Sivi {rElec rN+ rCorr Int-2
                  | SInv}
111632 | Zig:20   | Identified the +9 arbalest of Conversion {freeze, rF- Int+4
                  | Stlth+}
111684 | Zig:21   | Entered Level 21 of a ziggurat
111699 | Zig:21   | Reached skill level 19 in Necromancy
111733 | Zig:21   | Identified the +2 dagger of Qimiq {elec, ^Drain rN+ Dex+3}
111739 | Zig:21   | Identified the staff of the Undead {rF+ Stlth+ Hexes Fire}
111766 | Zig:21   | Reached skill level 20 in Necromancy
111777 | Zig:21   | Learned a level 9 spell: Death's Door
111793 | Zig:22   | Entered Level 22 of a ziggurat
111818 | Zig:22   | Noticed Porayr the pandemonium lord
111822 | Zig:22   | Noticed Zajeagur the pandemonium lord
111824 | Zig:22   | Killed Porayr the pandemonium lord
111827 | Zig:22   | Killed Zajeagur the pandemonium lord
111840 | Zig:22   | Noticed Deelom the pandemonium lord
111841 | Zig:22   | Noticed Per Dets the pandemonium lord
111841 | Zig:22   | Noticed Wuyn the pandemonium lord
111842 | Zig:22   | Noticed Byblaica the pandemonium lord
111843 | Zig:22   | Noticed Qioqul the pandemonium lord
111844 | Zig:22   | Noticed Fudob the pandemonium lord
111844 | Zig:22   | Noticed Liohiex the pandemonium lord
111844 | Zig:22   | Noticed Febron the pandemonium lord
111844 | Zig:22   | Noticed Lajocip the pandemonium lord
111847 | Zig:22   | Killed Lajocip the pandemonium lord
111848 | Zig:22   | Killed Liohiex the pandemonium lord
111848 | Zig:22   | Killed Febron the pandemonium lord
111849 | Zig:22   | Reached skill level 21 in Necromancy
111851 | Zig:22   | Found the +8 longbow "Zephyr" {speed, Dex+3 SInv}
111853 | Zig:22   | Killed Fudob the pandemonium lord
111854 | Zig:22   | Identified the ring of Xettet {rElec rF+ Will+ Str+3}
111858 | Zig:22   | Identified the +4 broad axe "Feuthoh" {flame, rElec Dex+5}
111862 | Zig:23   | Entered Level 23 of a ziggurat
111884 | Zig:23   | Noticed a dread lich
111890 | Zig:23   | Killed a dread lich
111899 | Zig:23   | Noticed an ancient lich
111902 | Zig:23   | Killed an ancient lich
111902 | Zig:23   | Noticed a dread lich
111903 | Zig:23   | Reached skill level 22 in Necromancy
111906 | Zig:23   | Killed a dread lich
111909 | Zig:23   | Noticed a dread lich
111912 | Zig:23   | Killed a dread lich
112034 | Zig:23   | Identified the amulet "Soixzeog" {rN+++ Regen+ MP+9 Str-3}
112038 | Zig:23   | Identified the ring "Howuku" {rCorr Int+2 Dex+3}
112039 | Zig:23   | Identified the staff of the Thieving Sybil {rPois Dex+3
                  | Alchemy}
112041 | Zig:23   | Identified the +0 robe "Waujoaq" {Will- Int+6 Archmagi}
112044 | Zig:23   | Acquired a manual of Throwing
112045 | Zig:23   | Acquired the Quarto of the Friendly Pyre
112095 | Zig:24   | Entered Level 24 of a ziggurat
112118 | Zig:24   | Reached skill level 23 in Necromancy
112139 | Zig:24   | Identified the ring "Mefeph" {rF+ Dex+3 Stlth+}
112146 | Zig:24   | Identified the ring of the Briny Deep {rPois Str+3 Int+6}
112152 | Zig:24   | Identified the +0 pair of gloves of Knowledge {rC+ Stlth+}
112157 | Zig:24   | Identified the ring "Cealidy" {Ice Int+3}
112159 | Zig:24   | Identified the +1 trident of the Warrior-Mage {flame,
                  | Str+2}
112172 | Zig:24   | Got the Volume of Bombardment and Convocation
112247 | Zig:25   | Entered Level 25 of a ziggurat
112265 | Zig:25   | Noticed an ancient lich
112268 | Zig:25   | Killed an ancient lich
112271 | Zig:25   | Reached skill level 24 in Necromancy
112300 | Zig:25   | Found the +3 giant club "Skullcrusher" {speed, Str+7}
112303 | Zig:25   | Found the ring of the Mage {Wiz Archmagi}
112409 | Zig:25   | Identified the +1 robe "Ymitiy" {rElec rPois Int+4 Dex-5}
112500 | Zig:25   | Lost mutation: You are somewhat resistant to further
                  | mutation. [potion of mutation]
112500 | Zig:25   | Gained mutation: Your mind is acute. (Int +4, Str/Dex -1)
                  | [potion of mutation]
112500 | Zig:25   | Gained mutation: You expend magic power (3 MP) to
                  | strengthen your wands. [potion of mutation]
112509 | Zig:26   | Entered Level 26 of a ziggurat
112521 | Zig:26   | Noticed a dread lich
112522 | Zig:26   | Noticed a dread lich
112524 | Zig:26   | Reached skill level 25 in Necromancy
112524 | Zig:26   | Killed a dread lich
112525 | Zig:26   | Noticed a dread lich
112525 | Zig:26   | Killed a dread lich
112526 | Zig:26   | Noticed a dread lich
112528 | Zig:26   | Killed a dread lich
112531 | Zig:26   | Noticed a dread lich
112535 | Zig:26   | Killed a dread lich
112537 | Zig:26   | Noticed a dread lich
112538 | Zig:26   | Noticed an ancient lich
112539 | Zig:26   | Killed a dread lich
112539 | Zig:26   | Noticed an ancient lich
112540 | Zig:26   | Killed a dread lich
112540 | Zig:26   | Killed an ancient lich
112541 | Zig:26   | Killed an ancient lich
112544 | Zig:26   | Reached skill level 26 in Necromancy
112560 | Zig:26   | Found the macabre finger necklace {Finger+ rN+}
112573 | Zig:26   | Identified the ring "Kocelile" {Ice rPois MP-9 Dex+9 SInv}
112577 | Zig:26   | Identified the +2 ring mail "Gusmab" {Str+3 Int+4}
112581 | Zig:26   | Identified the +7 hand axe "Tudaej" {freeze, +Blink rF+
                  | Dex+3}
112587 | Zig:26   | Identified the +0 scale mail "Geceasch" {rF+ Int+2 Stlth+}
112588 | Zig:26   | Identified the amulet "Plog" {Acrobat rC+}
112607 | Zig:26   | Identified the +5 shortbow "Ocoma" {antimagic, rF+ Dex+4}
112671 | Zig:27   | Entered Level 27 of a ziggurat
112679 | Zig:27   | swamp
112680 | Zig:27   | Noticed a dread lich
112681 | Zig:27   | Noticed a dread lich
112682 | Zig:27   | Noticed an ancient lich
112682 | Zig:27   | vaults?
112684 | Zig:27   | Killed a dread lich
112684 | Zig:27   | Noticed an ancient lich
112684 | Zig:27   | Noticed a dread lich
112686 | Zig:27   | Killed an ancient lich
112687 | Zig:27   | Killed a dread lich
112688 | Zig:27   | Noticed a dread lich
112688 | Zig:27   | Killed an ancient lich
112688 | Zig:27   | Killed a dread lich
112698 | Zig:27   | Killed a dread lich
112699 | Zig:27   | Reached skill level 27 in Necromancy
112704 | Zig:27   | Noticed a dread lich
112704 | Zig:27   | Noticed an ancient lich
112706 | Zig:27   | Noticed a dread lich
112707 | Zig:27   | Killed a dread lich
112707 | Zig:27   | Killed an ancient lich
112707 | Zig:27   | Noticed a dread lich
112710 | Zig:27   | Killed a dread lich
112710 | Zig:27   | Killed a dread lich
112715 | Zig:27   | Noticed a dread lich
112718 | Zig:27   | Killed a dread lich
112827 | Zig:27   | Identified the +2 triple sword "Doratuy" {venom, rC+ rN+
                  | rCorr}
112832 | Zig:27   | Identified the +10 morningstar "Qusial" {drain, rC++}
113183 | Zot:5    | Got the Orb of Zot
113442 | Depths:2 | Noticed Lyap the pandemonium lord
113443 | Depths:2 | Killed Lyap the pandemonium lord
113584 | D:10     | Noticed Teagros the pandemonium lord
113715 | D:3      | Noticed Naas Diu the pandemonium lord
113717 | D:3      | Killed Naas Diu the pandemonium lord
113796 | D:$      | Escaped with the Orb!

Illustrated notes

..........# .
.................# #..
.................## ...
..................###...
............J...........
...........J............
.............J..........
........J.J..JJ.........
.......@JJ.JJ.....J.....
........§.J....J........
............JJ..........
............J.....J.....
..#.....................
........................
#...#.....#.............
##.##J.##.#.##..........
)/ ... !/?#...........


Turn 88948 on Slime:5: nice teleporting .≈≈.≈≈.. #8.h.8.#. #≈≈3≈≈... #8.2.8... .
##≈≈h≈≈... .# #.m2h≈≈..#.... # #.3≈8≈≈......# #..#@####..##..# #.h..#.. ... #
.....#.#..##.. ..# #.#..##..#..#..# #..#...##..#..# #..#..####..#.## .#...##
#.....# .. #......#..... .# ... #. ....##.... Turn 107994 on Abyss:4: much
easier ▓▓▓ ▓... ▓..(. ▓..(.. ▓...... ▓▓....... ▓▓........ ▓.@....... ▓▓........
▓▓....... ▓...... ▓..(.. ▓..(. ▓... ▓▓▓ Turn 110969 on Zig:15: wat ▓▓.# .....
▓▓..## ..... ▓▓....##..... ▓▓............ ▓▓............. ▓▓..............
▓▓............... ▓.∩......@......B ▓▓............... ▓▓..............
▓▓............. ▓▓............ ▓▓....##..... ▓▓..## ..... ▓▓.# ..... Turn 112679
on Zig:27: swamp ....... ▓▓ ....... ▓▓.# ....C.. ▓▓..## ......D ▓▓....##..e....
▓▓.............. ▓▓.............t. ▓▓........@B.....c ▓▓................L
▓.∩..............LL ▓▓................c ▓▓................ ▓▓..............e
▓▓.............c ▓▓....##....... ▓▓..## ...... Turn 112682 on Zig:27: vaults?

Levels and vault maps discovered:
D:1:      heliophobic_arrival_enchanted_forest, layout_basic
D:2:      layout_basic
D:3:      layout_loops_corners, serial_shops, nicolae_shop_hallway_stairs,
          nicolae_the_louvre, uniq_jessica, uniq_grinder
D:4:      layout_rooms, nicolae_shop_gadgets
D:5:      layout_basic, mainiacjoe_overflow_catwalk,
          mainiacjoe_overflow_tiny_flanked, minmay_misc_feat_chi,
          guppyfry_early_lair_pool
D:6:      layout_rooms, nicolae_hepliaklqana_hazy_memory,
          sigmund_edmund_badplayer
D:7:      gammafunk_corrupted_shrine, layout_basic, general_overflow_altar,
          minmay_temple_entry_proselytizer, uniq_pikel
D:8:      layout_basic, old_standard_altar, serial_undead, serial_undead_b,
          serial_undead_a, serial_undead_d, serial_undead_d, st_stairs_5,
          skrybe_limestone_x, minmay_stone_trees_large, uniq_grum
D:9:      layout_rooms, dpeg_oklobed_lair, nicolae_houndstooth_variations,
          uniq_maurice
D:10:     layout_basic, nicolae_overflow_two_pavilions,
          mainiacjoe_overflow_alcove_1, david_orc_5, minmay_stone_trees_medium
D:11:     layout_basic, nicolae_dithmenos_the_darkroom
D:12:     layout_basic, uniq_lodul
D:13:     layout_loops_ring, gauntlet_entry_generic, serial_demonic,
          serial_demonic_d, serial_demonic_d, serial_demonic_e,
          serial_demonic_b, serial_demonic_d, serial_demonic_b,
          serial_demonic_a, serial_demonic_e, serial_demonic_f,
          serial_demonic_d, uniq_azrael
D:14:     dreamdust_black_sun_cult, layout_rooms,
          skrybe_vaults_entry_preservation, gammafunk_ghost_hive,
          nicolae_trove_entry_diagonal, kennysheep_doodads, uniq_nessos
D:15:     grunt_enter_depths_hoard, layout_loops_ring, gammafunk_ghost_icy,
          nicolae_elyvilon_temple_path, minivault_24, kennysheep_treasure_room,
          uniq_roxanne
Temple:   eino_temple_lava
Lair:1:   wad_woods_minihive, layout_layer_cave
Lair:2:   layout_roguey, palyth_hydra_swamp_entry, serial_bayou_lagoon_a,
          minivault_26
Lair:3:   layout_regular_city, nicolae_snake_entry_squirm, grunt_megastairs_1,
          lemuel_fruit_tree, serial_bayou_shore_a, uniq_snorg
Lair:4:   layout_cave_pods, basic_altar, hellmonk_ghost_happy_afterlife,
          grunt_forest_large_clearing_hut, grunt_megastairs_4
Lair:5:   minmay_lair_end_enchanted_forest, layout_regular_city,
          nicolae_slime_entry_slimehenge, infiniplex_staircase_pool,
          grunt_megastairs_2
Swamp:1:  nicolae_swamp_wrong_neighborhood, layout_falls_marsh,
          hangedman_swamp_ruin_wall, infiniplex_staircase_pool_2, uniq_nikola
Swamp:2:  layout_basic_swamp, ebering_ghost_funeral_grove,
          nicolae_swamp_godswood, nicolae_swamp_long_stream, uniq_jorgrun
Swamp:3:  layout_basic_swamp, hangedman_swamp_blocks
Swamp:4:  swamp_vile, layout_basic_swamp
Snake:1:  layout_rooms, abandoned_shop
Snake:2:  layout_basic, nicolae_snake_the_dead_are_slithering
Snake:3:  layout_gridlike, ebering_ghost_gozag, uniq_aizul
Snake:4:  grunt_snake_rune_serpentine_throne, layout_cave_town, uniq_saint_roka
Slime:1:  layout_caves
Slime:2:  layout_caves, nicolae_slime_welcoming_committee
Slime:3:  layout_caves, special_room [special_room_jelly]
Slime:4:  layout_caves
Slime:5:  slime_pit_nicolae_amoeboid, uniq_donald
Orc:1:    layout_caves, nicolae_orc_takin'_care_of_business
Orc:2:    hellmonk_orc_salted, layout_diamond_mine
Elf:1:    minmay_elf_arrival_plus, layout_geoelf_diagonals, minivault_28,
          st_stairs_12
Elf:2:    elven_hall_of_blades_hangedman_alternative
          [nicolae_blade_entry_floor_patterns], layout_rooms,
          minmay_elf_sorcery, uniq_zenata
Elf:3:    minmay_elf_hall_circle, layout_geoelf_octagon, serial_shops,
          statue_bzr, shop, shop, nicolae_shop_tiny_waterfront,
          nicolae_shop_getting_attention
Vaults:1: v_misc_11, hangedman_vaults_stream, v_rooms_3, vaults_dpeg_diagonal,
          v_misc_28, grunt_vaults_focal, vaults_standard_mumra_x,
          layout_vaults_omnigrid, serial_shops, uniq_norris
Vaults:2: hangedman_vaults_capsules, nicolae_vaults_network_star,
          nicolae_vaults_triangles, v_misc_2,
          nicolae_vaults_trapezoid_lopsided_3, nicolae_vaults_closet_pinwheel_4,
          vaults_room_hangedman_quadrants, nicolae_vaults_storage_closets_1,
          nicolae_vaults_two_Ls, nicolae_vaults_storage_room_doors,
          layout_vaults_omnicross
Vaults:3: gammafunk_ghost_ooze, v_misc_11, hangedman_vaults_nails,
          hangedman_vaults_restitches, blue_anna_dwarven_crypt,
          nicolae_vaults_taking_the_gang_shopping, v_alt_pattern_5, v_misc_23,
          layout_vaults_big_room
Vaults:4: nicolae_vaults_closet_pinwheel_2, v_misc_8, grunt_vaults_hallway_long,
          ontoclasm_vaults_tryst, vaults_room_octagon,
          nicolae_vaults_tetromino_L_2, nicolae_vaults_twisting_passages,
          nicolae_vaults_diagonal_hallway_6, nicolae_vaults_lightning_bolt,
          vaults_room_door_ring, vaults_dpeg_cross, ontoclasm_vaults_chip,
          hangedman_vaults_maws, layout_vaults_ring, serial_shops, shop
Vaults:5
Crypt:1:  layout_gridlike, basic_altar, minivault_11, nicolae_letterblocks
          [nicolae_letter_subblock, nicolae_letter_subblock,
          nicolae_letter_subblock, nicolae_letter_subblock,
          nicolae_letter_subblock, nicolae_letter_subblock,
          nicolae_letter_subblock, nicolae_letter_subblock,
          nicolae_letter_subblock, nicolae_letter_subblock,
          nicolae_letter_subblock, nicolae_letter_subblock,
          nicolae_letter_subblock, nicolae_letter_subblock,
          nicolae_letter_subblock, nicolae_letter_subblock,
          nicolae_letter_subblock, nicolae_letter_subblock,
          nicolae_letter_subblock, nicolae_letter_subblock,
          nicolae_letter_subblock, nicolae_letter_subblock,
          nicolae_letter_subblock, nicolae_letter_subblock,
          nicolae_letter_subblock]
Crypt:2:  layout_catacombs, uniq_mennas
Crypt:3:  quadcrypt_mu, uniq_bai_suzhen
Tomb:1
Depths:1: layout_basic, serial_curves, eino_curves_03, eino_curves_03,
          nicolae_uskayaw_dance_hall, hell_entry, abyss_entry,
          grunt_decor_mini_mirrors, nzn_life_drinkers
Depths:2: hangedman_box_tower, layout_basic, biasface_ghost_demon_polymorph,
          grunt_mini_vestibule, yredelemnul_altar_generic,
          rand_demon_pan_entry_4, abyss_entry_flame_altar, serial_rivers,
          chequers_serial_rivers_micro_c, chequers_serial_rivers_room_a,
          chequers_serial_rivers_marsh, chequers_serial_rivers_marsh
Depths:3: minmay_strange_plus, layout_gridlike, enter_ziggurat_a,
          gammafunk_ghost_crypt, abyss_entry_small_statue_room, serial_shops,
          shop, hangedman_tar_grid_catacomb, small_chamber_with_monster,
          infiniplex_staircase_squiggle, uniq_enchantress, uniq_jory, uniq_boris
Depths:4: grunt_zot_entry_funnels, layout_basic, nicolae_tso_swordbearing_angel,
          serial_shops, shop, hellmouth_1, abyss_entry, grunt_pan_entry_sceptre
Hell
Zot:1:    grunt_zot_stairs_faceoff, layout_basic, kennysheep_underground_church
Zot:2:    layout_basic, regret_index_zotdec_plus
Zot:3:    lemuel_firehouse, layout_cathedral_of_symmetry
Zot:4:    layout_onion, regret_index_zotdec_banners
Zot:5:    layout_cellular_growth, hangedman_zot_decor_tridents

Skill      XL: |  1  2  3  4  5  6  7  8  9 10 11 12 13 14 15 16 17 18 19 20 21 22 23 24 25 26 27 |
---------------+----------------------------------------------------------------------------------+-----
Stealth        | 1 2 3 |  3.0
Spellcasting   | 2 3 4 5 7 8 10 11 12 14 15 23 | 23.0
Fire Magic     | 3 4 5 6 7 8 9 10 11 12 13 14 15 | 15.0
Throwing       | 1 2 6 |  6.0
Translocations | 1 2 3 4 5 |  5.0
Evocations     | 1 2 3 4 6 11 12 | 12.0
Fighting       | 4 5 7 9 10 11 12 13 14 15 22 | 22.3
Dodging        | 1 2 4 5 7 8 10 11 14 | 14.0
Conjurations   | 1 2 6 9 10 13 14 20 | 20.0
Armour         | 1 2 3 4 5 7 8 9 10 | 10.0
Shields        | 3 5 6 9 11 12 13 14 15 17 | 17.0
Air Magic      | 1 7 11 13 14 15 16 17 20 | 20.0
Necromancy     | 6 8 10 13 27 | 27.0
Earth Magic    | 2 3 6 7 |  7.0
Alchemy        | 5 8 10 12 14 | 14.0
Polearms       | |  4.0

Action                     |  1- 3 |  4- 6 |  7- 9 | 10-12 | 13-15 | 16-18 | 19-21 | 22-24 | 25-27 || total
---------------------------+-------+-------+-------+-------+-------+-------+-------+-------+-------++-------
  Melee: Spear             |    52 |       |       |       |       |       |       |       |       ||    52
         Punch             |     1 |       |       |       |       |       |       |       |       ||     1
         Quarterstaff      |       |       |       |     5 |       |       |       |       |       ||     5
         Staff             |       |       |       |       |     3 |       |     5 |     3 |    12 ||    23
  Throw: Dart              |       |     3 |     5 |     4 |     2 |     3 |       |       |       ||    17
         Stone             |       |     1 |     6 |     7 |       |       |       |       |       ||    14
         Throwing net      |       |       |       |       |     1 |     1 |       |       |     1 ||     3
         Javelin           |       |       |       |       |       |       |       |       |     1 ||     1
   Cast: Scorch            |    30 |    48 |   167 |   261 |     2 |       |       |       |       ||   508
         Magic Dart        |       |       |       |   243 |   608 |    18 |     3 |       |       ||   872
         Iskenderun's Batt |       |       |       |    36 |   142 |    27 |       |       |       ||   205
         Fireball          |       |       |       |    11 |   163 |   299 |    47 |    11 |    18 ||   549
         Stone Arrow       |       |       |       |       |   104 |    81 |    30 |     4 |     2 ||   221
         Blink             |       |       |       |       |     3 |     2 |       |     1 |    10 ||    16
         Plasma Beam       |       |       |       |       |       |   226 |   569 |   633 |  1210 ||  2638
         Orb of Destructio |       |       |       |       |       |     4 |       |       |       ||     4
         Sublimation of Bl |       |       |       |       |       |     2 |    81 |   100 |    96 ||   279
         Maxwell's Capacit |       |       |       |       |       |     1 |       |     6 |    74 ||    81
         Conjure Ball Ligh |       |       |       |       |       |     1 |       |       |       ||     1
         Irradiate         |       |       |       |       |       |       |    66 |    45 |   103 ||   214
         Lee's Rapid Decon |       |       |       |       |       |       |    17 |     1 |    66 ||    84
         Passwall          |       |       |       |       |       |       |     1 |     2 |    12 ||    15
         Apportation       |       |       |       |       |       |       |       |     3 |     7 ||    10
         Iskenderun's Myst |       |       |       |       |       |       |       |       |    39 ||    39
         Chain Lightning   |       |       |       |       |       |       |       |       |   424 ||   424
         Death's Door      |       |       |       |       |       |       |       |       |     2 ||     2
 Invoke: Fiery Armour      |     1 |       |       |     3 |       |       |       |       |       ||     4
         Foxfire Swarm     |       |       |       |     3 |       |       |       |       |       ||     3
  Evoke: Wand              |       |     5 |       |     9 |    12 |     8 |    11 |    13 |    13 ||    71
         Lightning rod     |       |       |       |       |       |    11 |    11 |       |     4 ||    26
         Phial of floods   |       |       |       |       |       |     2 |     1 |       |       ||     3
         Condenser vane    |       |       |       |       |       |     2 |       |     1 |     3 ||     6
         Phantom mirror    |       |       |       |       |       |       |       |       |     1 ||     1
    Use: Scroll            |     3 |     1 |     3 |    13 |    15 |    12 |    17 |    11 |    62 ||   137
         Potion            |       |       |       |     1 |     4 |     6 |     5 |     2 |    63 ||    81
 Armour: Robe              |    18 |    19 |    36 |       |    31 |       |       |       |   457 ||   561
         Steam dragon scal |       |       |       |   177 |    67 |       |       |       |       ||   244
         Troll leather arm |       |       |       |       |   113 |   177 |   194 |   145 |   327 ||   956
         Skin              |       |       |       |       |       |       |       |       |    24 ||    24
  Dodge: Dodged            |     9 |     6 |    17 |   134 |   132 |    82 |    84 |    72 |   242 ||   778
  Block: Buckler           |       |       |       |       |    50 |    37 |    22 |       |       ||   109
         Kite shield       |       |       |       |       |       |       |   104 |   138 |   441 ||   683
         Reflection        |       |       |       |       |       |       |    33 |    16 |    35 ||    84

Table legend: (Time is in decaauts)
 A = Elapsed time spent in this place.
 B = Non-inter-level travel time spent in this place.
 C = Inter-level travel time spent in this place.
 D = Time resting spent in this place.
 E = Time spent auto-exploring this place.
 F = Levels seen in this place.
 G = Mean time per level.
                   A        B        C        D        E       F      G
               +--------+--------+--------+--------+--------+-----+--------+
         Total | 113097 |  97346 |  15751 |  25645 |  55207 |  93 | 1216.1 |
       Dungeon |  25188 |  20469 |   4719 |   2333 |  14898 |  15 | 1679.2 |
        Temple |     21 |      2 |     19 |      0 |      0 |   1 |   21.0 |
          Lair |  15882 |  13532 |   2350 |   4936 |   6956 |   5 | 3176.4 |
         Swamp |   5329 |   4931 |    398 |   1525 |   2690 |   4 | 1332.2 |
     Snake Pit |   9001 |   8420 |    581 |   3421 |   3964 |   4 | 2250.2 |
    Slime Pits |   5318 |   4837 |    481 |   2195 |   1896 |   5 | 1063.6 |
  Orcish Mines |   2934 |   2407 |    527 |    350 |   1589 |   2 | 1467.0 |
   Elven Halls |   5432 |   4810 |    622 |   1641 |   2331 |   3 | 1810.7 |
        Vaults |   9116 |   6716 |   2400 |   1129 |   4327 |   5 | 1823.2 |
         Crypt |   4937 |   3719 |   1218 |    203 |   2587 |   3 | 1645.7 |
          Tomb |   1268 |   1179 |     89 |    283 |    609 |   1 | 1268.0 |
        Depths |   9328 |   7862 |   1466 |   1354 |   5207 |   4 | 2332.0 |
          Hell |    549 |    519 |     30 |     27 |    393 |   1 |  549.0 |
           Zot |  13762 |  12916 |    846 |   5306 |   6080 |   5 | 2752.4 |
         Abyss |   1026 |   1026 |      0 |    144 |      0 |   5 |  205.2 |
      Ziggurat |   3060 |   3060 |      0 |    673 |   1188 |  27 |  113.3 |
        Bazaar |     55 |     55 |      0 |      0 |     47 |   1 |   55.0 |
         Trove |     96 |     96 |      0 |      0 |     27 |   1 |   96.0 |
      Gauntlet |    785 |    785 |      0 |    123 |    413 |   1 |  785.0 |
               +--------+--------+--------+--------+--------+-----+--------+

Top non-repeatable levels by time:
   Zot:5: 5703 daAuts
  Lair:4: 4303 daAuts
Depths:2: 4290 daAuts
  Lair:5: 3432 daAuts
     D:3: 3271 daAuts
 Snake:3: 3214 daAuts
   Zot:3: 3171 daAuts
  Lair:2: 3065 daAuts
 Snake:4: 2919 daAuts
  Lair:1: 2643 daAuts
 Slime:5: 2595 daAuts
Vaults:1: 2547 daAuts
  Lair:3: 2437 daAuts
Depths:3: 2348 daAuts
    D:15: 2175 daAuts
